Workbook

Sheet Schedule No. 1A
A1: =+#REF! -> #REF!
A2: A. | B2: LILO of Ghorashal-Kaliganj-Purbachal 400kV double circuit Line at Kaliganj Substation
A3: Item | B3: Description | C3: Country of origin2 | D3: Unit | E3: Quantity | F3: Unit Price1 | G3: Total Price1 | H3: Taxes and Duties
F5: Foreign Currency [XXX] | G5: Foreign Currency [XXX] | H5: Local Currency [BDT]
A6: 1 | B6: 2 | C6: 3* | D6: 4 | E6: 5 | F6: 6 | G6: 7= 5 x 6 | H6: 8
A7: Schedule No. 1A Plant and Mandatory Spare Parts Supplied from Abroad
A8: Supply of 400kV double and four circuit towers, complete with all stubs, nuts, bolts, locking nuts, washers, phase conductors and earthwire, swivels/shackles, step bolts, tower notice and identification plates, ACDs, protective coating, earthing, etc.
A9: 1 | B9: Overland Portion
A10: 1.1 | B10: Tower type "4DT6" | J10: 4 | K10: Terninal Tower | L10: 4
A11: 1.1.1 | B11: Tower type 4DT6+9 m | D11: each | E11: 1 | K11: 2Q30+2QT6 | L11: =#REF!+#REF! -> #REF! | M11: 2
A12: 1.1.2 | B12: Tower type 4DT6+4.5 m | D12: each | E12: 1 | K12: River crossing | L12: 4
A13: 1.2 | B13: Tower type "4D25" | I13: 2
A14: 1.2.1 | B14: Tower type 4D25 +9 m | D14: each | E14: 1
A15: 1.2.2 | B15: Tower type 4D25 +4.5 m | D15: each | E15: 1
A16: 1.3 | B16: Auxiliary crossarm for tower type 4DT6 | D16: per set of three | E16: 2 | I16: =SUM(I13:I15) -> 2 | K16: span | L16: AVR
A17: 2 | B17: Phase conductor, earthwire and OPGW cable, complete with repair sleeves and joints | M17: =#REF! -> #REF!
A18: 2.1 | B18: Overland Portion
A19: 2.1.1 | B19: "ACSR Finch" Phase Conductor (3 Phase, Double Circuit, Quad Bundle per phase on the line) | D19: Route km3 | E19: 1 | K19: =E19/164.6 -> 0.0060753341 | M19: =#REF! -> #REF!
A20: 2.1.2 | B20: ACSR Dorking Earthware | D20: Route km3 | E20: 1
A21: 2.1.3 | B21: ACSR Dorking Earthware equivalent OPGW inclusive of joint boxes, fixing clamps, fusion splices and connections to the joint boxes. | D21: Route km3 | E21: 1
A22: 3 | B22: Insulator strings, with associated suspension and tension clamps for quad ACSR Finch Conductor
A23: 3.1 | B23: Overland Portion
A24: 3.1.1 | B24: a) Single suspension string (Heavy Suspension), 210 kN -disc only | D24: Set | E24: 6
B25: b) Single suspension string (Heavy Suspension), 210 kN -fittings only | D25: Set | E25: 6 | M25: two strings for each crossarm + 12 nos. for 2 anchor
A26: 3.1.2 | B26: a) Double tension string, 2x400kN -disc only | D26: Set | E26: 36
B27: b) Double tension string, 2x400kN -fittings only | D27: Set | E27: 36
A28: 3.1.3 | B28: a) Single jumper suspension I-string, having each string 1x210 kN-disc only | D28: Set | E28: 6 | L28: 1to compansate fraction
B29: b) Single jumper suspension I-string, having each string 1x210 kN-fittings only | D29: Set | E29: 6
A30: 3.1.4 | B30: a) Single tension string, upright low duty 210kN- disc only | D30: Set | E30: 12 | K30: Terminal tower=4
B31: b) Single tension string, upright low duty 210kN- fittings only | D31: Set | E31: 12 | K31: Terminal tower=4
A32: 3.1.5 | B32: a) Single tension string, inverted low duty 210kN -discs only | D32: Set | E32: 12 | K32: Terminal tower=4
B33: b) Single tension string, inverted low duty 210kN -fittings only | D33: Set | E33: 12 | K33: Terminal tower=4
B34: OPGW and earthware sets, complete with all accessories, incl. armour rods and earth bounds
A35: 3.1.6 | B35: Suspension set (including all fittings and accessories for surplus and to guide the OPGW to the joint box) | D35: set | E35: 2
A36: 3.1.7 | B36: Tension set (including all fittings and accessories for surplus and to guide the OPGW to the joint box) | D36: set | E36: 6
B37: Dampers
A38: 3.1.8 | B38: Vibration damper for phase conductor | D38: per span | E38: 4
A39: 3.1.9 | B39: Spacer damper for phase conductor | D39: per span | E39: 4
A40: 3.1.10 | B40: Vibration damper for OPGW | D40: per span | E40: 4
A41: 3.1.11 | B41: Spacer for jumper | D41: nos. | E41: 6
A42: 4 | B42: Aerial Markers
A43: 4.1 | B43: Painting of tower having height more than 60 meter in accordance with the requirements of the Technical Specification | D43: per tower | E43: 1
A44: 4.2 | B44: Painting of tower (Reflecting Paint) upto 3 meter in submerge area in accordance with the requirements of the Technical Specification | D44: per tower | E44: 1
A45: 4.3 | B45: Air craft obstruction lights solar powered complete with lamps, solar, panels, batteries, control equipment cables, support framework, tower work platform etc. | D45: each | E45: 3
A46: 4.4 | B46: Aircraft warning spheres | D46: each | E46: 3
A47: 4.5 | B47: Bird diverters | D47: each | E47: 3
A48: 4.6 | B48: Bird guards, one bird guard per each crossarm applied on intermediate towers | D48: each | E48: 12
A49: 5 | B49: Mandatory Spare Parts and Tools | M49: =H49-K49/1000 -> 0
A50: 5.1 | B50: Tower | M50: =K49/1000 -> 0
A51: 5.1.1 | B51: Galvenized Tower Steel
A52: (a) | B52: Fabricated | D52: ton | E52: 1
A53: (b) | B53: Non-fabricated | D53: ton | E53: 1
A54: 5.2 | B54: Insulator and Fittings
B55: Insulator sets complete with insulators and all hardware fittings including suspension clamps, tension dead ends,armour rods, arcing horn. Arcing ring etc
B56: Overland Portion
A57: 5.2.1 | B57: 210kN single suspension Insulators set (Heavy Suspension) for "Quad ACSR FINCH" - Complete Assembly | D57: set | E57: 6
A58: 5.2.2 | B58: 210kN jumper suspension set for "Quad ACSR FINCH" - Complete Assembly | D58: set | E58: 2
A59: 5.2.3 | B59: 400kN twin tension set for "Quad ACSR FINCH" - Complete Assembly | D59: set | E59: 6
A60: 5.3 | B60: Phase conductor, earthwire, OPGW & Fittings
A61: 5.3.1 | B61: Midspan Joint for "Quad ACSR FINCH" conductor | D61: each | E61: 2
A62: 5.3.2 | B62: Repair sleeve for "Quad ACSR FINCH" conductor | D62: each | E62: 2
A63: 5.3.3 | B63: Spacer Damper for "Quad ACSR FINCH" | D63: each | E63: 5
A64: 5.3.4 | B64: Jumper Spacer for "Quad ACSR FINCH" | D64: each | E64: 4
A65: 5.3.5 | B65: Suspension set for ACSR Dorking Equivalent OPGW | D65: each | E65: 3
A66: 5.3.6 | B66: Tension set for ACSR Dorking Equivalent OPGW | D66: each | E66: 3
A67: 5.3.7 | B67: Vibration damper for ACSR Dorking Equivalent OPGW | D67: each | E67: 3
A68: 5.4 | B68: Temporary earthing equipment | D68: each | E68: 1
A69: 5.5 | B69: Elcometer | D69: each | E69: 1
A70: 5.6 | B70: Motorised jointing compressor for conductor complete with dies suitable for conductors & earthwires to be used for this Contract | D70: each | E70: 1
A71: Total Columns 8 to be carried forward to Schedule No. 5 - Grand Summary
N72: =SUM(N71:N71) -> 0
B75: 1 Specify currencies in accordance with ITB 19.1 of the BDS. Create additional columns for up to a maximum of three foreign currencies, if so required.
B76: 2 Bidders shall enter a code representing the country of origin of all imported plant and equipment.
B77: 3 Definition of route km: Route km is the transmission line distance between two terminal points in plan view. Route km is exclusive sag and other electrical clearances, elevation differences etc. The Contractor shall incorporate all such extra costs in his unit rate.
A79: Country of Origin Declaration Form
A80: Item | B80: Description | C80: Code | D80: Country
A81: 1 | B81: Towers
A82: =+A81+1 -> 2 | B82: Conductor & Earthwire
A83: =+A82+1 -> 3 | B83: Disc Insualtor
A84: =+A83+1 -> 4 | B84: Fittings for ACSR / ACCC Conductor, Earthwire & Insulator
A85: =+A84+1 -> 5 | B85: OPGW & its Fittings Accessories
A86: =+A85+1 -> 6 | B86: Aviation Equipments
A87: =+A86+1 -> 7 | B87: Design & Engg + Proto Testing of Towers
E88: =SUM(E10:E70) -> 243

Sheet Schedule No. 1B
A1: =+#REF! -> #REF!
A2: B. | B2: Connection of Ghorashal-Kaliganj-Purbachal 400kV double circuit Line and Purbachal-Bashundhara 230kV double circuit Line at Purbachal Substation
A3: Item | B3: Description | C3: Country of origin2 | D3: Unit | E3: Quantity | F3: Unit Price1 | G3: Total Price1 | H3: Taxes and Duties
F5: Foreign Currency [XXX] | G5: Foreign Currency [XXX] | H5: Local Currency [BDT]
A6: 1 | B6: 2 | C6: 3* | D6: 4 | E6: 5 | F6: 6 | G6: 7= 5 x 6 | H6: 8
A7: Schedule No. 1B Plant and Mandatory Spare Parts Supplied from Abroad
A8: Supply of 400kV double and four circuit towers, complete with all stubs, nuts, bolts, locking nuts, washers, phase conductors and earthwire, swivels/shackles, step bolts, tower notice and identification plates, ACDs, protective coating, earthing, etc.
A9: 1 | B9: Overland Portion
A10: 1.1 | B10: Tower type "4DT6" | J10: 4 | K10: Terninal Tower | L10: 4
A11: 1.1.1 | B11: Tower type 4DT6+9 m | D11: each | E11: 1 | K11: 2Q30+2QT6 | L11: =#REF!+#REF! -> #REF! | M11: 2
A12: 1.1.2 | B12: Tower type 4DT6+6 m | D12: each | E12: 1 | K12: River crossing | L12: 4
A13: 1.2 | B13: Tower type "2DT6" | I13: 2
A14: 1.2.1 | B14: Tower type 2DT6 +9 m | D14: each | E14: 1
A15: 1.2.2 | B15: Tower type 2DT6 +15 m | D15: each | E15: 1
A16: 1.3 | B16: Auxiliary crossarm for tower type 2DT6 | D16: per set of three | E16: 1
A17: 1.4 | B17: Auxiliary crossarm for tower type 4DT6 | D17: per set of three | E17: 1 | I17: =SUM(I13:I15) -> 2 | K17: span | L17: AVR
A18: 2 | B18: Phase conductor, earthwire and OPGW cable, complete with repair sleeves and joints | M18: =#REF! -> #REF!
A19: 2.1 | B19: Overland Portion
A20: 2.1.1 | B20: "ACSR Finch" Phase Conductor (3 Phase, Double Circuit, Quad Bundle per phase on the line) | D20: Route km3 | E20: 0.5 | K20: =E20/164.6 -> 0.0030376671 | M20: =#REF! -> #REF!
A21: 2.1.2 | B21: "ACSR Mallard" Phase Conductor (3 Phase, Double Circuit, Twin Bundle per phase on the line) | D21: Route km3 | E21: 0.5
A22: 2.1.3 | B22: ACSR Dorking Earthware | D22: Route km3 | E22: 0.5
A23: 2.1.4 | B23: ACSR Dorking Earthware equivalent OPGW inclusive of joint boxes, fixing clamps, fusion splices and connections to the joint boxes. | D23: Route km3 | E23: 0.5
A24: 2.1.5 | B24: 7X4.0 GS earthware | D24: Route km3 | E24: 0.5
A25: 2.1.6 | B25: 7X4.0 GS earthware equivalent OPGW inclusive of joint boxes, fixing clamps, fusion splices and connections to the joint boxes. | D25: Route km3 | E25: 0.5
A26: 3 | B26: Insulator strings, with associated suspension and tension clamps for quad ACSR Finch and ACSR Mallard Conductor
A27: 3.1 | B27: Overland Portion
A28: 3.1.1 | B28: a) Single suspension string (Heavy Suspension), 120 kN -disc only | D28: Set | E28: 1
B29: b) Single suspension string (Heavy Suspension), 120 kN -fittings only | D29: Set | E29: 1 | M29: two strings for each crossarm + 12 nos. for 2 anchor
A30: 3.1.2 | B30: a) Single suspension string (Heavy Suspension), 210 kN -disc only | D30: Set | E30: 1
B31: b) Single suspension string (Heavy Suspension), 210 kN -fittings only | D31: Set | E31: 1
A32: 3.1.3 | B32: a) Double tension string, 2x210kN -disc only | D32: Set | E32: 24
B33: b) Double tension string, 2x210kN -fittings only | D33: Set | E33: 24
A34: 3.1.4 | B34: a) Double tension string, 2x400kN -disc only | D34: Set | E34: 24
B35: b) Double tension string, 2x4000kN -fittings only | D35: Set | E35: 24
A36: 3.1.5 | B36: a) Single jumper suspension I-string, having each string 1x210 kN-disc only | D36: Set | E36: 6 | L36: 1to compansate fraction
B37: b) Single jumper suspension I-string, having each string 1x210 kN-fittings only | D37: Set | E37: 6
A38: 3.1.6 | B38: a) Single tension string, upright low duty 210kN- disc only | D38: Set | E38: 12 | K38: Terminal tower=4
B39: b) Single tension string, upright low duty 210kN- fittings only | D39: Set | E39: 12 | K39: Terminal tower=4
A40: 3.1.7 | B40: a) Single tension string, inverted low duty 210kN -discs only | D40: Set | E40: 12 | K40: Terminal tower=4
B41: b) Single tension string, inverted low duty 210kN -fittings only | D41: Set | E41: 12 | K41: Terminal tower=4
B42: OPGW and earthware sets, complete with all accessories, incl. armour rods and earth bounds
A43: 3.1.6 | B43: Suspension set (including all fittings and accessories for surplus and to guide the OPGW to the joint box) | D43: set | E43: 2
A44: 3.1.7 | B44: Tension set (including all fittings and accessories for surplus and to guide the OPGW to the joint box) | D44: set | E44: 6
B45: Dampers
A46: 3.1.8 | B46: Vibration damper for phase conductor | D46: per span | E46: 4
A47: 3.1.9 | B47: Spacer damper for phase conductor | D47: per span | E47: 4
A48: 3.1.10 | B48: Vibration damper for OPGW | D48: per span | E48: 4
A49: 3.1.11 | B49: Spacer for jumper | D49: nos. | E49: 6
A50: 4 | B50: Aerial Markers
A51: 4.1 | B51: Painting of tower having height more than 60 meter in accordance with the requirements of the Technical Specification | D51: per tower | E51: 1
A52: 4.2 | B52: Painting of tower (Reflecting Paint) upto 3 meter in submerge area in accordance with the requirements of the Technical Specification | D52: per tower | E52: 1
A53: 4.3 | B53: Air craft obstruction lights solar powered complete with lamps, solar, panels, batteries, control equipment cables, support framework, tower work platform etc. | D53: each | E53: 3
A54: 4.4 | B54: Aircraft warning spheres | D54: each | E54: 3
A55: 4.5 | B55: Bird diverters | D55: each | E55: 3
A56: 4.6 | B56: Bird guards, one bird guard per each crossarm applied on intermediate towers | D56: each | E56: 12
A57: 5 | B57: Mandatory Spare Parts and Tools | M57: =H57-K57/1000 -> 0
A58: 5.1 | B58: Tower | M58: =K57/1000 -> 0
A59: 5.1.1 | B59: Galvenized Tower Steel
A60: (a) | B60: Fabricated | D60: ton | E60: 1
A61: (b) | B61: Non-fabricated | D61: ton | E61: 1
A62: 5.2 | B62: Insulator and Fittings
B63: Insulator sets complete with insulators and all hardware fittings including suspension clamps, tension dead ends,armour rods, arcing horn. Arcing ring etc
B64: Overland Portion
A65: 5.2.1 | B65: 210kN twin tension set for "Twin ACSR Mallard" - Complete Assembly | D65: set | E65: 6
A66: 5.3 | B66: Phase conductor, earthwire, OPGW & Fittings
A67: 5.3.1 | B67: Midspan Joint for "Twin ACSR Mallard" conductor | D67: each | E67: 2
A68: 5.3.2 | B68: Repair sleeve for "Twin ACSR Mallard" conductor | D68: each | E68: 2
A69: 5.3.3 | B69: Spacer Damper for "Twin ACSR Mallard" | D69: each | E69: 5
A70: 5.3.4 | B70: Jumper Spacer for "Twin ACSR Mallard" | D70: each | E70: 4
A71: 5.3.5 | B71: Suspension set for 7X4.0 GS earthware Equivalent OPGW | D71: each | E71: 3
A72: 5.3.6 | B72: Tension set for 7X4.0 GS earthware Equivalent OPGW | D72: each | E72: 3
A73: 5.3.7 | B73: Vibration damper for 7X4.0 GS earthware Equivalent OPGW | D73: each | E73: 3
A74: 5.4 | B74: Temporary earthing equipment | D74: each | E74: 1
A75: 5.5 | B75: Elcometer | D75: each | E75: 1
A76: 5.6 | B76: Motorised jointing compressor for conductor complete with dies suitable for conductors & earthwires to be used for this Contract | D76: each | E76: 1
A77: Total Columns 8 to be carried forward to Schedule No. 5 - Grand Summary
N78: =SUM(N77:N77) -> 0
B81: 1 Specify currencies in accordance with ITB 19.1 of the BDS. Create additional columns for up to a maximum of three foreign currencies, if so required.
B82: 2 Bidders shall enter a code representing the country of origin of all imported plant and equipment.
B83: 3 Definition of route km: Route km is the transmission line distance between two terminal points in plan view. Route km is exclusive sag and other electrical clearances, elevation differences etc. The Contractor shall incorporate all such extra costs in his unit rate.
A85: Country of Origin Declaration Form
A86: Item | B86: Description | C86: Code | D86: Country
A87: 1 | B87: Towers
A88: =+A87+1 -> 2 | B88: Conductor & Earthwire
A89: =+A88+1 -> 3 | B89: Disc Insualtor
A90: =+A89+1 -> 4 | B90: Fittings for ACSR / ACCC Conductor, Earthwire & Insulator
A91: =+A90+1 -> 5 | B91: OPGW & its Fittings Accessories
A92: =+A91+1 -> 6 | B92: Aviation Equipments
A93: =+A92+1 -> 7 | B93: Design & Engg + Proto Testing of Towers
E94: =SUM(E10:E76) -> 251

Sheet Schedule No. 1C
A2: C. | B2: LILO of Tongi-Ghorashal 230kV double circuit Line at Kaliganj Substation
A3: Item | B3: Description | C3: Country of origin2 | D3: Unit | E3: Quantity | F3: Unit Price1 | G3: Total Price1 | H3: Taxes and Duties
F5: Foreign Currency [XXX] | G5: Foreign Currency [XXX] | H5: `
A6: 1 | B6: 2 | C6: 3* | D6: 4 | E6: 5 | F6: 6 | G6: 7= 5 x 6 | H6: 8
A7: Schedule No. 1C Plant and Mandatory Spare Parts Supplied from Abroad
A8: Supply of 230 kV double and four circuit towers, complete with all stubs, nuts, bolts, locking nuts, washers, phase conductors and earthwire, swivels/shackles, step bolts, tower notice and identification plates, ACDs, protective coating, earthing, etc.
A9: 1 | B9: Overland Portion
A10: 1.1 | B10: Tower type "2DT6" | J10: 4 | K10: Terninal Tower | L10: 4
A11: 1.1.1 | B11: Tower type 2DT6+6 m | D11: each | E11: 1 | K11: 2Q30+2QT6 | L11: =I25+I27 -> 4 | M11: 2
A12: 1.1.2 | B12: Tower type 2DT6+15 m | D12: each | E12: 1 | K12: River crossing | L12: 4
A13: 1.2 | B13: Tower type "2QL"
A14: 1.2.1 | B14: Tower type 2Q1 +15 m | D14: each | E14: 1
A15: 1.2.2 | B15: Tower type 2Q1 +21 m | D15: each | E15: 1
A16: 1.3 | B16: Tower type "2Q1" | I16: 2
A17: 1.3.1 | B17: Tower type 2Q1 +15 m | D17: each | E17: 1
A18: 1.3.2 | B18: Tower type 2Q1 +21 m | D18: each | E18: 1
A19: 1.4 | B19: Tower type "2Q15"
A20: 1.4.1 | B20: Tower type 2Q15+ 6 m | D20: each | E20: 1
A21: 1.4.2 | B21: Tower type 2Q15+ 9 m | D21: each | E21: 1
A22: 1.5 | B22: Tower type "2Q30"
A23: 1.5.1 | B23: Tower type 2Q30+ 6 m | D23: each | E23: 1
A24: 1.5.2 | B24: Tower type 2Q30+ 9 m | D24: each | E24: 1
A25: 1.6 | B25: Tower type "2QT6" | I25: 2
A26: 1.6.1 | B26: Tower type 2QT6+ 6 m | D26: each | E26: 1
A27: 1.6.2 | B27: Tower type 2QT6+ 9 m | D27: each | E27: 1 | I27: 2
A28: 1.7 | B28: Tower type "2QT6H" with any Extension | D28: each | E28: 2
A29: 1.8 | B29: Auxiliary crossarm for tower type 2QT6 | D29: per set of three | E29: 4 | I29: =SUM(I16:I27) -> 6 | K29: span | L29: AVR
A30: 2 | B30: Phase conductor, earthwire and OPGW cable, complete with repair sleeves and joints | M30: =#REF! -> #REF!
A31: 2.1 | B31: Overland Portion
A32: 2.1.1 | B32: "ACSR Mallard equivalent ACCC" Phase Conductor (3 Phase, Four Circuit, Twin Bundle per phase on the line) | D32: Route km3 | E32: 3.5 | K32: =E32/164.6 -> 0.02126367 | M32: =#REF! -> #REF!
A33: 2.1.2 | B33: 7x4.00mm equivalent OPGW inclusive of joint boxes, fixing clamps, fusion splices and connections to the joint boxes. Two OPGW earthwire on the line. | D33: Route km3 | E33: 3.5
A34: 3 | B34: Insulator strings, with associated suspension and tension clamps for twin ACSR Mallard equivalent ACCC Conductor
A35: 3.1 | B35: Overland Portion
A36: 3.1.1 | B36: a) Single suspension string (Heavy Suspension), 210 kN -disc only | D36: Set | E36: 6
B37: a) Single suspension string (Heavy Suspension), 210 kN -fittings only | D37: Set | E37: 6 | M37: two strings for each crossarm + 12 nos. for 2 anchor
A38: 3.1.2 | B38: a) Double tension string, 2x210kN -disc only | D38: Set | E38: 240
B39: b) Double tension string, 2x210kN -fittings only | D39: Set | E39: 240
A40: 3.1.3 | B40: a) Single jumper suspension I-string, having each string 1x120 kN-disc only | D40: Set | E40: 6 | L40: 1to compansate fraction
B41: b) Single jumper suspension I-string, having each string 1x120 kN-fittings only | D41: Set | E41: 6
A42: 3.1.4 | B42: a) Single tension string, upright low duty 120kN- disc only | D42: Set | E42: 12 | K42: Terminal tower=4
B43: b) Single tension string, upright low duty 120kN- fittings only | D43: Set | E43: 12 | K43: Terminal tower=4
A44: 3.1.5 | B44: a) Single tension string, inverted low duty 120kN -discs only | D44: Set | E44: 12 | K44: Terminal tower=4
B45: b) Single tension string, inverted low duty 120kN -fittings only | D45: Set | E45: 12 | K45: Terminal tower=4
B46: OPGW sets, complete with all accessories, incl. armour rods and earth bounds
A47: 3.1.6 | B47: Suspension set (including all fittings and accessories for surplus and to guide the OPGW to the joint box) | D47: set | E47: 4
A48: 3.1.7 | B48: Tension set (including all fittings and accessories for surplus and to guide the OPGW to the joint box) | D48: set | E48: 20
B49: Dampers
A50: 3.1.8 | B50: Vibration damper for phase conductor | D50: per span | E50: 14
A51: 3.1.9 | B51: Spacer damper for phase conductor | D51: per span | E51: 14
A52: 3.1.10 | B52: Vibration damper for OPGW | D52: per span | E52: 14
A53: 3.1.11 | B53: Spacer for jumper | D53: nos. | E53: 36
A54: 4 | B54: Aerial Markers
A55: 4.1 | B55: Painting of tower having height more than 60 meter in accordance with the requirements of the Technical Specification | D55: per tower | E55: 1
A56: 4.2 | B56: Painting of tower (Reflecting Paint) upto 3 meter in submerge area in accordance with the requirements of the Technical Specification | D56: per tower | E56: 1
A57: 4.3 | B57: Air craft obstruction lights solar powered complete with lamps, solar, panels, batteries, control equipment cables, support framework, tower work platform etc. | D57: each | E57: 3
A58: 4.4 | B58: Aircraft warning spheres | D58: each | E58: 3
A59: 4.5 | B59: Bird diverters | D59: each | E59: 3
A60: 4.6 | B60: Bird guards, one bird guard per each crossarm applied on intermediate towers | D60: each | E60: 12
A61: 5 | B61: Mandatory Spare Parts and Tools | M61: =H61-K61/1000 -> 0
A62: 5.1 | B62: Tower | M62: =K61/1000 -> 0
A63: 5.1.1 | B63: Galvenized Tower Steel
A64: (a) | B64: Fabricated | D64: ton | E64: 5
A65: (b) | B65: Non-fabricated | D65: ton | E65: 5
A66: 5.2 | B66: Insulator and Fittings
B67: Insulator sets complete with insulators and all hardware fittings including suspension clamps, tension dead ends,armour rods, arcing horn. Arcing ring etc
B68: Overland Portion
A69: 5.2.1 | B69: 120kN single suspension Insulators set (Heavy Suspension) for "twin ACSR Mallard equivalent ACCC" - Complete Assembly | D69: set | E69: 5
A70: 5.2.2 | B70: 120kN jumper suspension set for "Twin ACSR Mallard equivalent ACCC" - Complete Assembly | D70: set | E70: 5
A71: 5.2.3 | B71: 210kN twin tension set for "Twin ACSR Mallard equivalent ACCC" - Complete Assembly | D71: set | E71: 6
A72: 5.3 | B72: Phase conductor, earthwire, OPGW & Fittings
A73: 5.3.1 | B73: Midspan Joint for "ACSR Mallard equivalent ACCC" conductor | D73: each | E73: 2
A74: 5.3.2 | B74: Repair sleeve for "ACSR Mallard equivalent ACCC" conductor | D74: each | E74: 2
A75: 5.3.3 | B75: Spacer Damper for Twin Bundle "ACSR Mallard equivalent ACCC" | D75: each | E75: 5
A76: 5.3.4 | B76: Jumper Spacer for Twin Bundle "ACSR Mallard equivalent ACCC" | D76: each | E76: 4
A77: 5.3.5 | B77: Suspension set for 7x4.00mm Equivalent OPGW | D77: each | E77: 3
A78: 5.3.6 | B78: Tension set for 7x4.00mm Equivalent OPGW | D78: each | E78: 3
A79: 5.3.7 | B79: Vibration damper for 7x4.00mm Equivalent OPGW | D79: each | E79: 3
A80: 5.4 | B80: Temporary earthing equipment | D80: each | E80: 1
A81: 5.5 | B81: Elcometer | D81: each | E81: 1
A82: 5.6 | B82: Motorised jointing compressor for conductor complete with dies suitable for conductors & earthwires to be used for this Contract | D82: each | E82: 1
A83: Total Columns 8 to be carried forward to Schedule No. 5 - Grand Summary
N84: =SUM(N83:N83) -> 0
B86: 1 Specify currencies in accordance with ITB 19.1 of the BDS. Create additional columns for up to a maximum of three foreign currencies, if so required.
B87: 2 Bidders shall enter a code representing the country of origin of all imported plant and equipment.
B88: 3 Definition of route km: Route km is the transmission line distance between two terminal points in plan view. Route km is exclusive sag and other electrical clearances, elevation differences etc. The Contractor shall incorporate all such extra costs in his unit rate.
A90: Country of Origin Declaration Form
A91: Item | B91: Description | C91: Code | D91: Country
A92: 1 | B92: Towers
A93: =+A92+1 -> 2 | B93: Conductor & Earthwire
A94: =+A93+1 -> 3 | B94: Disc Insualtor
A95: =+A94+1 -> 4 | B95: Fittings for ACCC Conductor, Earthwire & Insulator
A96: =+A95+1 -> 5 | B96: OPGW & its Fittings Accessories
A97: =+A96+1 -> 6 | B97: Aviation Equipments
A98: =+A97+1 -> 7 | B98: Design & Engg + Proto Testing of Towers

Sheet Schedule No. 2A
A2: A. | B2: LILO of Ghorashal-Kaliganj-Purbachal 400kV double circuit Line at Kaliganj Substation
A3: Item | B3: Description | C3: Country of origin2 | D3: Unit | E3: Quantity | F3: Local Currency in BDT | H3: Foreign Currency in (xxx) | J3: Taxes and Duties
F5: Unit EXW Price1 | G5: EXW Total Price | H5: Unit EXW Price1 | I5: EXW Total Price | J5: Local Currency [BDT]
A6: 1 | B6: 2 | C6: 3* | D6: 4 | E6: 5 | F6: 6 | G6: 7=5*6 | H6: 8 | I6: 9= 5 x 8 | J6: 10
A7: Schedule No. 2A Plant and Mandatory Spare Parts Supplied from Within the Employer's Country
A8: Supply of 400 kV double and four circuit towers, complete with all stubs, nuts, bolts, locking nuts, washers, phase conductors and earthwire, swivels/shackles, step bolts, tower notice and identification plates, ACDs, protective coating, earthing, etc.
A9: 1 | B9: Overland Portion
A10: 1.1 | B10: ='Schedule No. 1A'!B10 -> Tower type "4DT6" | L10: 4 | M10: Terninal Tower | N10: 4
A11: 1.1.1 | B11: ='Schedule No. 1A'!B11 -> Tower type 4DT6+9 m | D11: each | E11: 1 | M11: 2Q30+2QT6 | N11: =#REF!+#REF! -> #REF! | O11: 2
A12: 1.1.2 | B12: ='Schedule No. 1A'!B12 -> Tower type 4DT6+4.5 m | D12: each | E12: 1 | M12: River crossing | N12: 4
A13: 1.2 | B13: ='Schedule No. 1A'!B13 -> Tower type "4D25" | K13: 2
A14: 1.2.1 | B14: ='Schedule No. 1A'!B14 -> Tower type 4D25 +9 m | D14: each | E14: 1
A15: 1.2.2 | B15: ='Schedule No. 1A'!B15 -> Tower type 4D25 +4.5 m | D15: each | E15: 1
A16: 1.3 | B16: Auxiliary crossarm for tower type 4DT6 | D16: per set of three | E16: 1
A17: 2 | B17: Phase conductor, earthwire and OPGW cable, complete with repair sleeves and joints | O17: =#REF! -> #REF!
A18: 2.1 | B18: Overland Portion
A19: 2.1.1 | B19: ='Schedule No. 1A'!B19 -> "ACSR Finch" Phase Conductor (3 Phase, Double Circuit, Quad Bundle per phase on the line) | D19: Route km3 | E19: 1 | M19: =E19/164.6 -> 0.0060753341 | O19: =#REF! -> #REF!
A20: 2.1.2 | B20: ='Schedule No. 1A'!B20 -> ACSR Dorking Earthware | D20: Route km3 | E20: 1
A21: 2.1.3 | B21: ='Schedule No. 1A'!B21 -> ACSR Dorking Earthware equivalent OPGW inclusive of joint boxes, fixing clamps, fusion splices and connections to the joint boxes. | D21: Route km3 | E21: 1
A22: 3 | B22: Insulator strings, with associated suspension and tension clamps for twin ACSR Mallard Conductor
A23: 3.1 | B23: Overland Portion
A24: 3.1.1 | B24: ='Schedule No. 1A'!B24 -> a) Single suspension string (Heavy Suspension), 210 kN -disc only | D24: ='Schedule No. 1A'!D24 -> Set | E24: ='Schedule No. 1A'!E24 -> 6
B25: ='Schedule No. 1A'!B25 -> b) Single suspension string (Heavy Suspension), 210 kN -fittings only | D25: ='Schedule No. 1A'!D25 -> Set | E25: ='Schedule No. 1A'!E25 -> 6 | O25: two strings for each crossarm + 12 nos. for 2 anchor
A26: 3.1.2 | B26: ='Schedule No. 1A'!B26 -> a) Double tension string, 2x400kN -disc only | D26: ='Schedule No. 1A'!D26 -> Set | E26: ='Schedule No. 1A'!E26 -> 36
B27: ='Schedule No. 1A'!B27 -> b) Double tension string, 2x400kN -fittings only | D27: ='Schedule No. 1A'!D27 -> Set | E27: ='Schedule No. 1A'!E27 -> 36
A28: 3.1.3 | B28: ='Schedule No. 1A'!B28 -> a) Single jumper suspension I-string, having each string 1x210 kN-disc only | D28: ='Schedule No. 1A'!D28 -> Set | E28: ='Schedule No. 1A'!E28 -> 6 | N28: 1to compansate fraction
B29: ='Schedule No. 1A'!B29 -> b) Single jumper suspension I-string, having each string 1x210 kN-fittings only | D29: ='Schedule No. 1A'!D29 -> Set | E29: ='Schedule No. 1A'!E29 -> 6
A30: 3.1.4 | B30: ='Schedule No. 1A'!B30 -> a) Single tension string, upright low duty 210kN- disc only | D30: ='Schedule No. 1A'!D30 -> Set | E30: ='Schedule No. 1A'!E30 -> 12 | M30: Terminal tower=4
B31: ='Schedule No. 1A'!B31 -> b) Single tension string, upright low duty 210kN- fittings only | D31: ='Schedule No. 1A'!D31 -> Set | E31: ='Schedule No. 1A'!E31 -> 12 | M31: Terminal tower=4
A32: 3.1.5 | B32: ='Schedule No. 1A'!B32 -> a) Single tension string, inverted low duty 210kN -discs only | D32: ='Schedule No. 1A'!D32 -> Set | E32: ='Schedule No. 1A'!E32 -> 12 | M32: Terminal tower=4
B33: ='Schedule No. 1A'!B33 -> b) Single tension string, inverted low duty 210kN -fittings only | D33: ='Schedule No. 1A'!D33 -> Set | E33: ='Schedule No. 1A'!E33 -> 12 | M33: Terminal tower=4
B34: OPGW and Earthware sets, complete with all accessories, incl. armour rods and earth bounds
A35: 3.1.6 | B35: Suspension set (including all fittings and accessories for surplus and to guide the OPGW to the joint box) | D35: set | E35: ='Schedule No. 1A'!E35 -> 2
A36: 3.1.7 | B36: Tension set (including all fittings and accessories for surplus and to guide the OPGW to the joint box) | D36: set | E36: ='Schedule No. 1A'!E36 -> 6
B37: Dampers
A38: 3.1.8 | B38: Vibration damper for phase conductor | D38: per span | E38: ='Schedule No. 1A'!E38 -> 4
A39: 3.1.9 | B39: Spacer damper for phase conductor | D39: per span | E39: ='Schedule No. 1A'!E39 -> 4
A40: 3.1.10 | B40: Vibration damper for OPGW | D40: per span | E40: ='Schedule No. 1A'!E40 -> 4
A41: 3.1.11 | B41: Spacer for jumper | D41: nos. | E41: ='Schedule No. 1A'!E41 -> 6
A42: 4 | B42: Aerial Markers
A43: 4.1 | B43: Painting of tower having height more than 60 meter in accordance with the requirements of the Technical Specification | D43: per tower | E43: ='Schedule No. 1A'!E43 -> 1
A44: 4.2 | B44: Painting of tower (Reflecting Paint) upto 3 meter in submerge area in accordance with the requirements of the Technical Specification | D44: per tower | E44: ='Schedule No. 1A'!E44 -> 1
A45: 4.3 | B45: Air craft obstruction lights solar powered complete with lamps, solar, panels, batteries, control equipment cables, support framework, tower work platform etc. | D45: each | E45: ='Schedule No. 1A'!E45 -> 3
A46: 4.4 | B46: Aircraft warning spheres | D46: each | E46: ='Schedule No. 1A'!E46 -> 3
A47: 4.5 | B47: Bird diverters | D47: each | E47: ='Schedule No. 1A'!E47 -> 3
A48: 4.6 | B48: Bird guards, one bird guard per each crossarm applied on intermediate towers | D48: each | E48: ='Schedule No. 1A'!E48 -> 12
A49: 5 | B49: Mandatory Spare Parts and Tools | O49: =J49-M49/1000 -> 0
A50: 5.1 | B50: Tower | O50: =M49/1000 -> 0
A51: 5.1.1 | B51: Galvenized Tower Steel
A52: (a) | B52: Fabricated | D52: ton | E52: 1
A53: (b) | B53: Non-fabricated | D53: ton | E53: 1
A54: 5.2 | B54: Insulator and Fittings
B55: Insulator sets complete with insulators and all hardware fittings including suspension clamps, tension dead ends,armour rods, arcing horn. Arcing ring etc
B56: Overland Portion
A57: 5.2.1 | B57: ='Schedule No. 1A'!B57 -> 210kN single suspension Insulators set (Heavy Suspension) for "Quad ACSR FINCH" - Complete Assembly | D57: set | E57: ='Schedule No. 1A'!E57 -> 6
A58: 5.2.2 | B58: ='Schedule No. 1A'!B58 -> 210kN jumper suspension set for "Quad ACSR FINCH" - Complete Assembly | D58: set | E58: ='Schedule No. 1A'!E58 -> 2
A59: 5.2.3 | B59: ='Schedule No. 1A'!B59 -> 400kN twin tension set for "Quad ACSR FINCH" - Complete Assembly | D59: set | E59: ='Schedule No. 1A'!E59 -> 6
A60: 5.3 | B60: ='Schedule No. 1A'!B60 -> Phase conductor, earthwire, OPGW & Fittings
A61: 5.3.1 | B61: ='Schedule No. 1A'!B61 -> Midspan Joint for "Quad ACSR FINCH" conductor | D61: each | E61: ='Schedule No. 1A'!E61 -> 2
A62: 5.3.2 | B62: ='Schedule No. 1A'!B62 -> Repair sleeve for "Quad ACSR FINCH" conductor | D62: each | E62: ='Schedule No. 1A'!E62 -> 2
A63: 5.3.3 | B63: ='Schedule No. 1A'!B63 -> Spacer Damper for "Quad ACSR FINCH" | D63: each | E63: ='Schedule No. 1A'!E63 -> 5
A64: 5.3.4 | B64: ='Schedule No. 1A'!B64 -> Jumper Spacer for "Quad ACSR FINCH" | D64: each | E64: ='Schedule No. 1A'!E64 -> 4
A65: 5.3.5 | B65: ='Schedule No. 1A'!B65 -> Suspension set for ACSR Dorking Equivalent OPGW | D65: each | E65: ='Schedule No. 1A'!E65 -> 3
A66: 5.3.6 | B66: ='Schedule No. 1A'!B66 -> Tension set for ACSR Dorking Equivalent OPGW | D66: each | E66: ='Schedule No. 1A'!E66 -> 3
A67: 5.3.7 | B67: ='Schedule No. 1A'!B67 -> Vibration damper for ACSR Dorking Equivalent OPGW | D67: each | E67: ='Schedule No. 1A'!E67 -> 3
A68: 5.4 | B68: ='Schedule No. 1A'!B68 -> Temporary earthing equipment | D68: each | E68: 1
A69: 5.5 | B69: Elcometer | D69: each | E69: 1
A70: 5.6 | B70: Motorised jointing compressor for conductor complete with dies suitable for conductors & earthwires to be used for this Contract | D70: each | E70: 1
A71: Total Columns 7&9 to be carried forward to Schedule No. 5 - Grand Summary
Q72: =SUM(Q71:Q71) -> 0
B75: 1 Specify currencies in accordance with ITB 19.1 of the BDS.
B76: 2 Bidders shall enter a code representing the country of origin of all imported plant and equipment.
B77: 3 Definition of route km: Route km is the transmission line distance between two terminal points in plan view. Route km is exclusive sag and other electrical clearances, elevation differences etc. The Contractor shall incorporate all such extra costs in his unit rate.
B78: 4. Column 6, EXW Price shall include all customs duties and sales and other taxes already paid or payable on the components and raw materials used in the manufacture or assembly of the item or the customs duties and sales and other taxes already paid on previously imported items.”
A79: Country of Origin Declaration Form
A80: Item | B80: Description | C80: Code | D80: Country

Sheet Schedule No. 2B
A2: B. | B2: Connection of Ghorashal-Kaliganj-Purbachal 400kV double circuit Line and Purbachal-Bashundhara 230kV double circuit Line at Purbachal Substation
A3: Item | B3: Description | C3: Country of origin2 | D3: Unit | E3: Quantity | F3: Local Currency in BDT | H3: Foreign Currency in (xxx) | J3: Taxes and Duties
F5: Unit EXW Price1 | G5: EXW Total Price | H5: Unit EXW Price1 | I5: EXW Total Price | J5: Local Currency [BDT]
A6: 1 | B6: 2 | C6: 3* | D6: 4 | E6: 5 | F6: 6 | G6: 7=5*6 | H6: 8 | I6: 9= 5 x 8 | J6: 10
A7: Schedule No. 2B Plant and Mandatory Spare Parts Supplied from Within the Employer's Country
A8: Supply of 400 kV double and four circuit towers, complete with all stubs, nuts, bolts, locking nuts, washers, phase conductors and earthwire, swivels/shackles, step bolts, tower notice and identification plates, ACDs, protective coating, earthing, etc.
A9: 1 | B9: Overland Portion
A10: ='Schedule No. 1B'!A10 -> 1.1 | B10: ='Schedule No. 1B'!B10 -> Tower type "4DT6" | L10: 4 | M10: Terninal Tower | N10: 4
A11: ='Schedule No. 1B'!A11 -> 1.1.1 | B11: ='Schedule No. 1B'!B11 -> Tower type 4DT6+9 m | D11: ='Schedule No. 1B'!D11 -> each | E11: ='Schedule No. 1B'!E11 -> 1 | M11: 2Q30+2QT6 | N11: =#REF!+#REF! -> #REF! | O11: 2
A12: ='Schedule No. 1B'!A12 -> 1.1.2 | B12: ='Schedule No. 1B'!B12 -> Tower type 4DT6+6 m | D12: ='Schedule No. 1B'!D12 -> each | E12: ='Schedule No. 1B'!E12 -> 1 | M12: River crossing | N12: 4
A13: ='Schedule No. 1B'!A13 -> 1.2 | B13: ='Schedule No. 1B'!B13 -> Tower type "2DT6" | K13: 2
A14: ='Schedule No. 1B'!A14 -> 1.2.1 | B14: ='Schedule No. 1B'!B14 -> Tower type 2DT6 +9 m | D14: ='Schedule No. 1B'!D14 -> each | E14: ='Schedule No. 1B'!E14 -> 1
A15: ='Schedule No. 1B'!A15 -> 1.2.2 | B15: ='Schedule No. 1B'!B15 -> Tower type 2DT6 +15 m | D15: ='Schedule No. 1B'!D15 -> each | E15: ='Schedule No. 1B'!E15 -> 1
A16: ='Schedule No. 1B'!A16 -> 1.3 | B16: ='Schedule No. 1B'!B16 -> Auxiliary crossarm for tower type 2DT6 | D16: ='Schedule No. 1B'!D16 -> per set of three | E16: ='Schedule No. 1B'!E16 -> 1
A17: ='Schedule No. 1B'!A17 -> 1.4 | B17: ='Schedule No. 1B'!B17 -> Auxiliary crossarm for tower type 4DT6 | D17: ='Schedule No. 1B'!D17 -> per set of three | E17: ='Schedule No. 1B'!E17 -> 1
A18: 2 | B18: Phase conductor, earthwire and OPGW cable, complete with repair sleeves and joints | O18: =#REF! -> #REF!
A19: 2.1 | B19: Overland Portion
A20: ='Schedule No. 1B'!A20 -> 2.1.1 | B20: ='Schedule No. 1B'!B20 -> "ACSR Finch" Phase Conductor (3 Phase, Double Circuit, Quad Bundle per phase on the line) | D20: ='Schedule No. 1B'!D20 -> Route km3 | E20: ='Schedule No. 1B'!E20 -> 0.5 | M20: =E20/164.6 -> 0.0030376671 | O20: =#REF! -> #REF!
A21: ='Schedule No. 1B'!A21 -> 2.1.2 | B21: ='Schedule No. 1B'!B21 -> "ACSR Mallard" Phase Conductor (3 Phase, Double Circuit, Twin Bundle per phase on the line) | D21: ='Schedule No. 1B'!D21 -> Route km3 | E21: ='Schedule No. 1B'!E21 -> 0.5
A22: ='Schedule No. 1B'!A22 -> 2.1.3 | B22: ='Schedule No. 1B'!B22 -> ACSR Dorking Earthware | D22: ='Schedule No. 1B'!D22 -> Route km3 | E22: ='Schedule No. 1B'!E22 -> 0.5
A23: ='Schedule No. 1B'!A23 -> 2.1.4 | B23: ='Schedule No. 1B'!B23 -> ACSR Dorking Earthware equivalent OPGW inclusive of joint boxes, fixing clamps, fusion splices and connections to the joint boxes. | D23: ='Schedule No. 1B'!D23 -> Route km3 | E23: ='Schedule No. 1B'!E23 -> 0.5
A24: ='Schedule No. 1B'!A24 -> 2.1.5 | B24: ='Schedule No. 1B'!B24 -> 7X4.0 GS earthware | D24: ='Schedule No. 1B'!D24 -> Route km3 | E24: ='Schedule No. 1B'!E24 -> 0.5
A25: ='Schedule No. 1B'!A25 -> 2.1.6 | B25: ='Schedule No. 1B'!B25 -> 7X4.0 GS earthware equivalent OPGW inclusive of joint boxes, fixing clamps, fusion splices and connections to the joint boxes. | D25: ='Schedule No. 1B'!D25 -> Route km3 | E25: ='Schedule No. 1B'!E25 -> 0.5
A26: 3 | B26: Insulator strings, with associated suspension and tension clamps for twin ACSR Mallard and ACSR Mallard Conductor
A27: 3.1 | B27: Overland Portion
A28: 3.1.1 | B28: ='Schedule No. 1B'!B28 -> a) Single suspension string (Heavy Suspension), 120 kN -disc only | D28: ='Schedule No. 1B'!D28 -> Set | E28: ='Schedule No. 1B'!E28 -> 1
B29: ='Schedule No. 1B'!B29 -> b) Single suspension string (Heavy Suspension), 120 kN -fittings only | D29: ='Schedule No. 1B'!D29 -> Set | E29: ='Schedule No. 1B'!E29 -> 1
A30: 3.1.2 | B30: ='Schedule No. 1B'!B30 -> a) Single suspension string (Heavy Suspension), 210 kN -disc only | D30: ='Schedule No. 1B'!D30 -> Set | E30: ='Schedule No. 1B'!E30 -> 1
B31: ='Schedule No. 1B'!B31 -> b) Single suspension string (Heavy Suspension), 210 kN -fittings only | D31: ='Schedule No. 1B'!D31 -> Set | E31: ='Schedule No. 1B'!E31 -> 1
A32: 3.1.3 | B32: ='Schedule No. 1B'!B32 -> a) Double tension string, 2x210kN -disc only | D32: ='Schedule No. 1B'!D32 -> Set | E32: ='Schedule No. 1B'!E32 -> 24
B33: ='Schedule No. 1B'!B33 -> b) Double tension string, 2x210kN -fittings only | D33: ='Schedule No. 1B'!D33 -> Set | E33: ='Schedule No. 1B'!E33 -> 24 | O33: two strings for each crossarm + 12 nos. for 2 anchor
A34: 3.1.4 | B34: ='Schedule No. 1B'!B34 -> a) Double tension string, 2x400kN -disc only | D34: ='Schedule No. 1B'!D34 -> Set | E34: ='Schedule No. 1B'!E34 -> 24
B35: ='Schedule No. 1B'!B35 -> b) Double tension string, 2x4000kN -fittings only | D35: ='Schedule No. 1B'!D35 -> Set | E35: ='Schedule No. 1B'!E35 -> 24
A36: 3.1.5 | B36: ='Schedule No. 1B'!B36 -> a) Single jumper suspension I-string, having each string 1x210 kN-disc only | D36: ='Schedule No. 1B'!D36 -> Set | E36: ='Schedule No. 1B'!E36 -> 6 | N36: 1to compansate fraction
B37: ='Schedule No. 1B'!B37 -> b) Single jumper suspension I-string, having each string 1x210 kN-fittings only | D37: ='Schedule No. 1B'!D37 -> Set | E37: ='Schedule No. 1B'!E37 -> 6
A38: 3.1.6 | B38: ='Schedule No. 1B'!B38 -> a) Single tension string, upright low duty 210kN- disc only | D38: ='Schedule No. 1B'!D38 -> Set | E38: ='Schedule No. 1B'!E38 -> 12 | M38: Terminal tower=4
B39: ='Schedule No. 1B'!B39 -> b) Single tension string, upright low duty 210kN- fittings only | D39: ='Schedule No. 1B'!D39 -> Set | E39: ='Schedule No. 1B'!E39 -> 12 | M39: Terminal tower=4
A40: 3.1.7 | B40: ='Schedule No. 1B'!B40 -> a) Single tension string, inverted low duty 210kN -discs only | D40: ='Schedule No. 1B'!D40 -> Set | E40: ='Schedule No. 1B'!E40 -> 12 | M40: Terminal tower=4
B41: ='Schedule No. 1B'!B41 -> b) Single tension string, inverted low duty 210kN -fittings only | D41: ='Schedule No. 1B'!D41 -> Set | E41: ='Schedule No. 1B'!E41 -> 12 | M41: Terminal tower=4
B42: OPGW and Earthware sets, complete with all accessories, incl. armour rods and earth bounds
A43: 3.1.6 | B43: Suspension set (including all fittings and accessories for surplus and to guide the OPGW to the joint box) | D43: set | E43: ='Schedule No. 1A'!E35 -> 2
A44: 3.1.7 | B44: Tension set (including all fittings and accessories for surplus and to guide the OPGW to the joint box) | D44: set | E44: ='Schedule No. 1A'!E36 -> 6
B45: Dampers
A46: 3.1.8 | B46: Vibration damper for phase conductor | D46: per span | E46: ='Schedule No. 1A'!E38 -> 4
A47: 3.1.9 | B47: Spacer damper for phase conductor | D47: per span | E47: ='Schedule No. 1A'!E39 -> 4
A48: 3.1.10 | B48: Vibration damper for OPGW | D48: per span | E48: ='Schedule No. 1A'!E40 -> 4
A49: 3.1.11 | B49: Spacer for jumper | D49: nos. | E49: ='Schedule No. 1A'!E41 -> 6
A50: 4 | B50: Aerial Markers
A51: 4.1 | B51: Painting of tower having height more than 60 meter in accordance with the requirements of the Technical Specification | D51: per tower | E51: ='Schedule No. 1A'!E43 -> 1
A52: 4.2 | B52: Painting of tower (Reflecting Paint) upto 3 meter in submerge area in accordance with the requirements of the Technical Specification | D52: per tower | E52: ='Schedule No. 1A'!E44 -> 1
A53: 4.3 | B53: Air craft obstruction lights solar powered complete with lamps, solar, panels, batteries, control equipment cables, support framework, tower work platform etc. | D53: each | E53: ='Schedule No. 1A'!E45 -> 3
A54: 4.4 | B54: Aircraft warning spheres | D54: each | E54: ='Schedule No. 1A'!E46 -> 3
A55: 4.5 | B55: Bird diverters | D55: each | E55: ='Schedule No. 1A'!E47 -> 3
A56: 4.6 | B56: Bird guards, one bird guard per each crossarm applied on intermediate towers | D56: each | E56: ='Schedule No. 1A'!E48 -> 12
A57: 5 | B57: Mandatory Spare Parts and Tools | O57: =J57-M57/1000 -> 0
A58: 5.1 | B58: Tower | O58: =M57/1000 -> 0
A59: 5.1.1 | B59: Galvenized Tower Steel
A60: (a) | B60: Fabricated | D60: ton | E60: 1
A61: (b) | B61: Non-fabricated | D61: ton | E61: 1
A62: 5.2 | B62: Insulator and Fittings
B63: Insulator sets complete with insulators and all hardware fittings including suspension clamps, tension dead ends,armour rods, arcing horn. Arcing ring etc
B64: Overland Portion
A65: ='Schedule No. 1B'!A65 -> 5.2.1 | B65: ='Schedule No. 1B'!B65 -> 210kN twin tension set for "Twin ACSR Mallard" - Complete Assembly | D65: ='Schedule No. 1B'!D65 -> set | E65: ='Schedule No. 1B'!E65 -> 6
A66: 5.3 | B66: ='Schedule No. 1A'!B60 -> Phase conductor, earthwire, OPGW & Fittings
A67: 5.3.1 | B67: ='Schedule No. 1B'!B67 -> Midspan Joint for "Twin ACSR Mallard" conductor | D67: each | E67: ='Schedule No. 1B'!E67 -> 2
A68: 5.3.2 | B68: ='Schedule No. 1B'!B68 -> Repair sleeve for "Twin ACSR Mallard" conductor | D68: each | E68: ='Schedule No. 1B'!E68 -> 2
A69: 5.3.3 | B69: ='Schedule No. 1B'!B69 -> Spacer Damper for "Twin ACSR Mallard" | D69: each | E69: ='Schedule No. 1B'!E69 -> 5
A70: 5.3.4 | B70: ='Schedule No. 1B'!B70 -> Jumper Spacer for "Twin ACSR Mallard" | D70: each | E70: ='Schedule No. 1B'!E70 -> 4
A71: 5.3.5 | B71: ='Schedule No. 1B'!B71 -> Suspension set for 7X4.0 GS earthware Equivalent OPGW | D71: each | E71: ='Schedule No. 1B'!E71 -> 3
A72: 5.3.6 | B72: ='Schedule No. 1B'!B72 -> Tension set for 7X4.0 GS earthware Equivalent OPGW | D72: each | E72: ='Schedule No. 1B'!E72 -> 3
A73: 5.3.7 | B73: ='Schedule No. 1B'!B73 -> Vibration damper for 7X4.0 GS earthware Equivalent OPGW | D73: each | E73: ='Schedule No. 1B'!E73 -> 3
A74: 5.4 | B74: ='Schedule No. 1A'!B68 -> Temporary earthing equipment | D74: each | E74: 1
A75: 5.5 | B75: Elcometer | D75: each | E75: 1
A76: 5.6 | B76: Motorised jointing compressor for conductor complete with dies suitable for conductors & earthwires to be used for this Contract | D76: each | E76: 1
A77: Total Columns 7&9 to be carried forward to Schedule No. 5 - Grand Summary
Q78: =SUM(Q77:Q77) -> 0
B81: 1 Specify currencies in accordance with ITB 19.1 of the BDS.
B82: 2 Bidders shall enter a code representing the country of origin of all imported plant and equipment.
B83: 3 Definition of route km: Route km is the transmission line distance between two terminal points in plan view. Route km is exclusive sag and other electrical clearances, elevation differences etc. The Contractor shall incorporate all such extra costs in his unit rate.
B84: 4. Column 6, EXW Price shall include all customs duties and sales and other taxes already paid or payable on the components and raw materials used in the manufacture or assembly of the item or the customs duties and sales and other taxes already paid on previously imported items.”
A85: Country of Origin Declaration Form
A86: Item | B86: Description | C86: Code | D86: Country

Sheet Schedule No. 2C
A2: C. | B2: LILO of Tongi-Ghorashal 230kV double circuit Line at Kaliganj Substation
A3: Item | B3: Description | C3: Country of origin2 | D3: Unit | E3: Quantity | F3: Local Currency in BDT | H3: Foreign Currency in (xxx) | J3: Taxes and Duties
F5: Unit EXW Price1 | G5: EXW Total Price | H5: Unit EXW Price1 | I5: EXW Total Price | J5: Local Currency [BDT]
A6: 1 | B6: 2 | C6: 3* | D6: 4 | E6: 5 | F6: 6 | G6: 7=5*6 | H6: 8 | I6: 9= 5 x 8 | J6: 10
A7: Schedule No. 2C Plant and Mandatory Spare Parts Supplied from Within the Employer's Country
A8: Supply of 230 kV double and four circuit towers, complete with all stubs, nuts, bolts, locking nuts, washers, phase conductors and earthwire, swivels/shackles, step bolts, tower notice and identification plates, ACDs, protective coating, earthing, etc.
A9: 1 | B9: Overland Portion
A10: ='Schedule No. 1C'!A10 -> 1.1 | B10: ='Schedule No. 1C'!B10 -> Tower type "2DT6" | L10: 4 | M10: Terninal Tower | N10: 4
A11: ='Schedule No. 1C'!A11 -> 1.1.1 | B11: ='Schedule No. 1C'!B11 -> Tower type 2DT6+6 m | D11: ='Schedule No. 1C'!D11 -> each | E11: ='Schedule No. 1C'!E11 -> 1 | M11: 2Q30+2QT6 | N11: =K16+K18 -> 4 | O11: 2
A12: ='Schedule No. 1C'!A12 -> 1.1.2 | B12: ='Schedule No. 1C'!B12 -> Tower type 2DT6+15 m | D12: ='Schedule No. 1C'!D12 -> each | E12: ='Schedule No. 1C'!E12 -> 1 | M12: River crossing | N12: 4
A13: ='Schedule No. 1C'!A13 -> 1.2 | B13: ='Schedule No. 1C'!B13 -> Tower type "2QL" | K13: 2
A14: ='Schedule No. 1C'!A14 -> 1.2.1 | B14: ='Schedule No. 1C'!B14 -> Tower type 2Q1 +15 m | D14: ='Schedule No. 1C'!D14 -> each | E14: ='Schedule No. 1C'!E14 -> 1
A15: ='Schedule No. 1C'!A15 -> 1.2.2 | B15: ='Schedule No. 1C'!B15 -> Tower type 2Q1 +21 m | D15: ='Schedule No. 1C'!D15 -> each | E15: ='Schedule No. 1C'!E15 -> 1
A16: ='Schedule No. 1C'!A16 -> 1.3 | B16: ='Schedule No. 1C'!B16 -> Tower type "2Q1" | K16: 2
A17: ='Schedule No. 1C'!A17 -> 1.3.1 | B17: ='Schedule No. 1C'!B17 -> Tower type 2Q1 +15 m | D17: ='Schedule No. 1C'!D17 -> each | E17: ='Schedule No. 1C'!E17 -> 1
A18: ='Schedule No. 1C'!A18 -> 1.3.2 | B18: ='Schedule No. 1C'!B18 -> Tower type 2Q1 +21 m | D18: ='Schedule No. 1C'!D18 -> each | E18: ='Schedule No. 1C'!E18 -> 1 | K18: 2
A19: ='Schedule No. 1C'!A19 -> 1.4 | B19: ='Schedule No. 1C'!B19 -> Tower type "2Q15"
A20: ='Schedule No. 1C'!A20 -> 1.4.1 | B20: ='Schedule No. 1C'!B20 -> Tower type 2Q15+ 6 m | D20: ='Schedule No. 1C'!D20 -> each | E20: ='Schedule No. 1C'!E20 -> 1
A21: ='Schedule No. 1C'!A21 -> 1.4.2 | B21: ='Schedule No. 1C'!B21 -> Tower type 2Q15+ 9 m | D21: ='Schedule No. 1C'!D21 -> each | E21: ='Schedule No. 1C'!E21 -> 1
A22: ='Schedule No. 1C'!A22 -> 1.5 | B22: ='Schedule No. 1C'!B22 -> Tower type "2Q30"
A23: ='Schedule No. 1C'!A23 -> 1.5.1 | B23: ='Schedule No. 1C'!B23 -> Tower type 2Q30+ 6 m | D23: ='Schedule No. 1C'!D23 -> each | E23: ='Schedule No. 1C'!E23 -> 1
A24: ='Schedule No. 1C'!A24 -> 1.5.2 | B24: ='Schedule No. 1C'!B24 -> Tower type 2Q30+ 9 m | D24: ='Schedule No. 1C'!D24 -> each | E24: ='Schedule No. 1C'!E24 -> 1
A25: ='Schedule No. 1C'!A25 -> 1.6 | B25: ='Schedule No. 1C'!B25 -> Tower type "2QT6"
A26: ='Schedule No. 1C'!A26 -> 1.6.1 | B26: ='Schedule No. 1C'!B26 -> Tower type 2QT6+ 6 m | D26: ='Schedule No. 1C'!D26 -> each | E26: ='Schedule No. 1C'!E26 -> 1
A27: ='Schedule No. 1C'!A27 -> 1.6.2 | B27: ='Schedule No. 1C'!B27 -> Tower type 2QT6+ 9 m | D27: ='Schedule No. 1C'!D27 -> each | E27: ='Schedule No. 1C'!E27 -> 1
A28: ='Schedule No. 1C'!A28 -> 1.7 | B28: ='Schedule No. 1C'!B28 -> Tower type "2QT6H" with any Extension | D28: ='Schedule No. 1C'!D28 -> each | E28: ='Schedule No. 1C'!E28 -> 2
A29: 1.8 | B29: Auxiliary crossarm for tower type 2QT6 | D29: per set of three | E29: 4 | K29: =SUM(K13:K18) -> 6 | M29: span | N29: AVR
A30: 2 | B30: Phase conductor, earthwire and OPGW cable, complete with repair sleeves and joints | O30: =#REF! -> #REF!
A31: 2.1 | B31: Overland Portion
A32: 2.1.1 | B32: "ACSR Mallard equivalent ACCC" Phase Conductor (3 Phase, Four Circuit, Twin Bundle per phase on the line) | D32: Route km3 | E32: ='Schedule No. 1C'!E32 -> 3.5 | M32: =E32/164.6 -> 0.02126367 | O32: =#REF! -> #REF!
A33: 2.1.2 | B33: 7x4.00mm equivalent OPGW inclusive of joint boxes, fixing clamps, fusion splices and connections to the joint boxes. Two OPGW earthwire on the line. | D33: Route km3 | E33: ='Schedule No. 1C'!E33 -> 3.5
A34: 3 | B34: Insulator strings, with associated suspension and tension clamps for twin ACSR Mallard equivalent ACCC Conductor
A35: 3.1 | B35: Overland Portion
A36: 3.1.1 | B36: a) Single suspension string (Heavy Suspension), 210 kN -disc only | D36: Set | E36: ='Schedule No. 1C'!E36 -> 6
B37: a) Single suspension string (Heavy Suspension), 210 kN -fittings only | D37: Set | E37: ='Schedule No. 1C'!E37 -> 6 | O37: two strings for each crossarm + 12 nos. for 2 anchor
A38: 3.1.2 | B38: a) Double tension string, 2 x 210kN -disc only | D38: Set | E38: ='Schedule No. 1C'!E38 -> 240
B39: b) Double tension string, 2 x 210kN -fittings only | D39: Set | E39: ='Schedule No. 1C'!E39 -> 240
A40: 3.1.3 | B40: a) Single jumper suspension I-string, having each string 1x120 kN-disc only | D40: Set | E40: ='Schedule No. 1C'!E40 -> 6 | N40: 1to compansate fraction
B41: b) Single jumper suspension I-string, having each string 1 x120 kN-fittings only | D41: Set | E41: ='Schedule No. 1C'!E41 -> 6
A42: 3.1.4 | B42: a) Single tension string, upright low duty 120kN- disc only | D42: Set | E42: ='Schedule No. 1C'!E42 -> 12 | M42: Terminal tower=4
B43: b) Single tension string, upright low duty 120kN- fittings only | D43: Set | E43: ='Schedule No. 1C'!E43 -> 12 | M43: Terminal tower=4
A44: 3.1.5 | B44: a) Single tension string, inverted low duty 120kN -discs only | D44: Set | E44: ='Schedule No. 1C'!E44 -> 12 | M44: Terminal tower=4
B45: b) Single tension string, inverted low duty 120kN -fittings only | D45: Set | E45: ='Schedule No. 1C'!E45 -> 12 | M45: Terminal tower=4
B46: OPGW sets, complete with all accessories, incl. armour rods and earth bounds
A47: 3.1.6 | B47: Suspension set (including all fittings and accessories for surplus and to guide the OPGW to the joint box) | D47: set | E47: ='Schedule No. 1C'!E47 -> 4
A48: 3.1.7 | B48: Tension set (including all fittings and accessories for surplus and to guide the OPGW to the joint box) | D48: set | E48: ='Schedule No. 1C'!E48 -> 20
B49: Dampers
A50: 3.1.8 | B50: Vibration damper for phase conductor | D50: per span | E50: ='Schedule No. 1C'!E50 -> 14
A51: 3.1.9 | B51: Spacer damper for phase conductor | D51: per span | E51: ='Schedule No. 1C'!E51 -> 14
A52: 3.1.10 | B52: Vibration damper for OPGW | D52: per span | E52: ='Schedule No. 1C'!E52 -> 14
A53: 3.1.11 | B53: Spacer for jumper | D53: nos. | E53: ='Schedule No. 1C'!E53 -> 36
A54: 4 | B54: Aerial Markers
A55: 4.1 | B55: Painting of tower having height more than 60 meter in accordance with the requirements of the Technical Specification | D55: per tower | E55: 1
A56: 4.2 | B56: Painting of tower (Reflecting Paint) upto 3 meter in submerge area in accordance with the requirements of the Technical Specification | D56: per tower | E56: 1
A57: 4.3 | B57: Air craft obstruction lights solar powered complete with lamps, solar, panels, batteries, control equipment cables, support framework, tower work platform etc. | D57: each | E57: 3
A58: 4.4 | B58: Aircraft warning spheres | D58: each | E58: 3
A59: 4.5 | B59: Bird diverters | D59: each | E59: 3
A60: 4.6 | B60: Bird guards, one bird guard per each crossarm applied on intermediate towers | D60: each | E60: 12
A61: 5 | B61: Mandatory Spare Parts and Tools | O61: =J61-M61/1000 -> 0
A62: 5.1 | B62: Tower | O62: =M61/1000 -> 0
A63: 5.1.1 | B63: Galvenized Tower Steel
A64: (a) | B64: Fabricated | D64: ton | E64: 5
A65: (b) | B65: Non-fabricated | D65: ton | E65: 5
A66: 5.2 | B66: Insulator and Fittings
B67: Insulator sets complete with insulators and all hardware fittings including suspension clamps, tension dead ends,armour rods, arcing horn. Arcing ring etc
B68: Overland Portion
A69: 5.2.1 | B69: ='Schedule No. 1C'!B69 -> 120kN single suspension Insulators set (Heavy Suspension) for "twin ACSR Mallard equivalent ACCC" - Complete Assembly | D69: ='Schedule No. 1C'!D69 -> set | E69: ='Schedule No. 1C'!E69 -> 5
A70: 5.2.2 | B70: ='Schedule No. 1C'!B70 -> 120kN jumper suspension set for "Twin ACSR Mallard equivalent ACCC" - Complete Assembly | D70: ='Schedule No. 1C'!D70 -> set | E70: ='Schedule No. 1C'!E70 -> 5
A71: 5.2.3 | B71: ='Schedule No. 1C'!B71 -> 210kN twin tension set for "Twin ACSR Mallard equivalent ACCC" - Complete Assembly | D71: ='Schedule No. 1C'!D71 -> set | E71: ='Schedule No. 1C'!E71 -> 6
A72: 5.3 | B72: Phase conductor, earthwire, OPGW & Fittings
A73: 5.3.1 | B73: ='Schedule No. 1C'!B73 -> Midspan Joint for "ACSR Mallard equivalent ACCC" conductor | D73: ='Schedule No. 1C'!D73 -> each | E73: ='Schedule No. 1C'!E73 -> 2
A74: 5.3.2 | B74: ='Schedule No. 1C'!B74 -> Repair sleeve for "ACSR Mallard equivalent ACCC" conductor | D74: ='Schedule No. 1C'!D74 -> each | E74: ='Schedule No. 1C'!E74 -> 2
A75: 5.3.3 | B75: ='Schedule No. 1C'!B75 -> Spacer Damper for Twin Bundle "ACSR Mallard equivalent ACCC" | D75: ='Schedule No. 1C'!D75 -> each | E75: ='Schedule No. 1C'!E75 -> 5
A76: 5.3.4 | B76: ='Schedule No. 1C'!B76 -> Jumper Spacer for Twin Bundle "ACSR Mallard equivalent ACCC" | D76: ='Schedule No. 1C'!D76 -> each | E76: ='Schedule No. 1C'!E76 -> 4
A77: 5.3.5 | B77: Suspension set for 7x4.00mm Equivalent OPGW | D77: each | E77: 3
A78: 5.3.6 | B78: Tension set for 7x4.00mm Equivalent OPGW | D78: each | E78: 3
A79: 5.3.7 | B79: Vibration damper for 7x4.00mm Equivalent OPGW | D79: each | E79: 3
A80: 5.4 | B80: Temporary earthing equipment | D80: each | E80: 1
A81: 5.5 | B81: Elcometer | D81: each | E81: 1
A82: 5.6 | B82: Motorised jointing compressor for conductor complete with dies suitable for conductors & earthwires to be used for this Contract | D82: each | E82: 1
A83: Total Columns 7&9 to be carried forward to Schedule No. 5 - Grand Summary
Q84: =SUM(Q83:Q83) -> 0
B86: 1 Specify currencies in accordance with ITB 19.1 of the BDS.
B87: 2 Bidders shall enter a code representing the country of origin of all imported plant and equipment.
B88: 3 Definition of route km: Route km is the transmission line distance between two terminal points in plan view. Route km is exclusive sag and other electrical clearances, elevation differences etc. The Contractor shall incorporate all such extra costs in his unit rate.
B89: 4. Column 6, EXW Price shall include all customs duties and sales and other taxes already paid or payable on the components and raw materials used in the manufacture or assembly of the item or the customs duties and sales and other taxes already paid on previously imported items.”
A90: Country of Origin Declaration Form
A91: Item | B91: Description | C91: Code | D91: Country

Sheet Schedule No. 3A
A3: A. | B3: LILO of Ghorashal-Kaliganj-Purbachal 400kV double circuit Line at Kaliganj Substation
A4: Item | B4: Description | C4: Unit | D4: Quantity | E4: Unit Price1 | G4: Total Price1
E6: Local Currency [BDT] | F6: Foreign Currency [USD] | G6: Local Currency [BDT] | H6: Foreign Currency [USD]
A7: 1 | B7: 2 | C7: 3 | D7: 4 | E7: 5 | F7: 6 | G7: 7 = 4 x 5 | H7: 8 = 4 x 6
A8: Schedule No. 3A Design Services
A9: 1 | B9: Line Design
A10: 1.1 | B10: Detailed line design including plan and profiles; conductor, earthwire and OPGW sag tension calculations; tower spotting, establishment of line schedule; Design of insulator strings, OPGW and earthwire attachments | C10: Lump sum | D10: 1
A12: 2 | B12: Tower Test
A13: 2.1 | B13: Proto assembly of all type towers with all extensions to prove compliance with specification. Payment for successful test only.
A14: 2.1.1 | B14: 4DT6 | C14: Lot | D14: NA
A15: 2.1.2 | B15: 4D25 | C15: Lot | D15: NA
A16: 3 | B16: Foundation Design
A17: 3.1 | B17: Foundation design for all soil types including additional soil investigation and additional soil resistivity measurement | C17: Lump sum | D17: 1
A18: Total Columns 7 & 8 to be carried forward to Schedule No. 5 - Grand Summary
A19: 4 | B19: Total Tax and VAT deductable at source(TDS & VDS) under the schedule 3C(to be quoted in the currency similar as above)2
A23: 1. Specify currencies in accordance with ITB 19.1 of the BDS. Create additional columns for up to a maximum of three foreign currencies, if so required.
A24: 2. Bidder shall quote the amount considering clause 14.1 of section 8(Special Conditions of Contract), Volume 1 of 3 of the bidding document. The amount quoted by bidder is subject to arithmatic correction by Employer as required.

Sheet Schedule No. 3B
A3: B. | B3: Connection of Ghorashal-Kaliganj-Purbachal 400kV double circuit Line and Purbachal-Bashundhara 230kV double circuit Line at Purbachal Substation
A4: Item | B4: Description | C4: Unit | D4: Quantity | E4: Unit Price1 | G4: Total Price1
E6: Local Currency [BDT] | F6: Foreign Currency [USD] | G6: Local Currency [BDT] | H6: Foreign Currency [USD]
A7: 1 | B7: 2 | C7: 3 | D7: 4 | E7: 5 | F7: 6 | G7: 7 = 4 x 5 | H7: 8 = 4 x 6
A8: Schedule No. 3B Design Services
A9: 1 | B9: Line Design
A10: 1.1 | B10: Detailed line design including plan and profiles; conductor, earthwire and OPGW sag tension calculations; tower spotting, establishment of line schedule; Design of insulator strings, OPGW and earthwire attachments | C10: Lump sum | D10: 1
A12: 2 | B12: Tower Test
A13: 2.1 | B13: Proto assembly of all type towers with all extensions to prove compliance with specification. Payment for successful test only.
A14: 2.1.1 | B14: 4DT6 | C14: Lot | D14: NA
A15: 2.1.2 | B15: 2DT6 | C15: Lot | D15: NA
A16: 3 | B16: Foundation Design
A17: 3.1 | B17: Foundation design for all soil types including additional soil investigation and additional soil resistivity measurement | C17: Lump sum | D17: 1
A18: Total Columns 7 & 8 to be carried forward to Schedule No. 5 - Grand Summary
A19: 4 | B19: Total Tax and VAT deductable at source(TDS & VDS) under the schedule 3C(to be quoted in the currency similar as above)2
A23: 1. Specify currencies in accordance with ITB 19.1 of the BDS. Create additional columns for up to a maximum of three foreign currencies, if so required.
A24: 2. Bidder shall quote the amount considering clause 14.1 of section 8(Special Conditions of Contract), Volume 1 of 3 of the bidding document. The amount quoted by bidder is subject to arithmatic correction by Employer as required.

Sheet Schedule No. 3C
A3: C. | B3: LILO of Tongi-Ghorashal 230kV double circuit Line at Kaliganj Substation
A4: Item | B4: Description | C4: Unit | D4: Quantity | E4: Unit Price1 | G4: Total Price1
E6: Local Currency [BDT] | F6: Foreign Currency [XXX] | G6: Local Currency [BDT] | H6: Foreign Currency [XXX]
A7: 1 | B7: 2 | C7: 3 | D7: 4 | E7: 5 | F7: 6 | G7: 7 = 4 x 5 | H7: 8 = 4 x 6
A8: Schedule No. 3C Design Services
A9: 1 | B9: Line Design and Tower Design
A10: 1.1 | B10: Detailed line design including plan and profiles; conductor, earthwire and OPGW sag tension calculations; tower spotting, establishment of line schedule; Design of insulator strings, OPGW and earthwire attachments | C10: Lump sum | D10: 1
A12: 1.2 | B12: Design of Tower type "2QT6H with all extension" | C12: each | D12: 1
A13: 2 | B13: Tower Test
A14: 2.1 | B14: Proto assembly of all type towers with all extensions to prove compliance with specification. Payment for successful test only.
A15: 2.1.1 | B15: 2DT6 | C15: each | D15: 1
A16: 2.1.2 | B16: 2QL | C16: each | D16: 1
A17: 2.1.3 | B17: 2Q1 | C17: each | D17: 1
A18: 2.1.4 | B18: 2Q15 | C18: each | D18: 1
A19: 2.1.5 | B19: 2Q30 | C19: each | D19: 1
A20: 2.1.6 | B20: 2QT6 | C20: each | D20: 1
A21: 2.1.7 | B21: 2QT6H | C21: each | D21: 1
A22: 2.2 | B22: Load Test of towers with all extensions to prove compliance with specification. Payment for successful test only.
A23: 2.2.1 | B23: Tower type "2QT6H +21m"
A24: 3 | B24: Foundation Design
A25: 3.1 | B25: Foundation design for all soil types including additional soil investigation and additional soil resistivity measurement | C25: Lump sum | D25: 1
A26: Total Columns 7 & 8 to be carried forward to Schedule No. 5 - Grand Summary
A27: 4 | B27: Total Tax and VAT deductable at source(TDS & VDS) under the schedule 3C(to be quoted in the currency similar as above)2
A30: 1. Specify currencies in accordance with ITB 19.1 of the BDS. Create additional columns for up to a maximum of three foreign currencies, if so required.
A31: 2. Bidder shall quote the amount considering clause 14.1 of section 8(Special Conditions of Contract), Volume 1 of 3 of the bidding document. The amount quoted by bidder is subject to arithmatic correction by Employer as required.

Sheet Schedule No. 4A
A3: A. | B3: LILO of Ghorashal-Kaliganj-Purbachal 400kV double circuit Line at Kaliganj Substation
A4: Item | B4: Description | C4: Unit | D4: Quantity | E4: Unit Price1 | G4: Total Price1
E6: Local Currency [BDT] | F6: Foreign Currency [USD] | G6: Local Currency [BDT] | H6: Foreign Currency [USD]
A7: 1 | B7: 2 | C7: 3 | D7: 4 | E7: 5 | F7: 6 | G7: 7 = 4 x 5 | H7: 8 = 4 x 6
A8: Schedule No. 4A Installation and Other Services
A9: 1 | B9: Survey and soil investigation works
A10: 1.1 | B10: Survey Work and Compensation
A11: 1.1.1 | B11: Check survey in accordance with the requirements of the technical specification, incl. Full ground survey with change of route, if any, tower plotting and preparation and submission of route maps, profile drawings, SIMM documents, etc. | C11: Km | D11: 1
A13: 1.1.2 | B13: Payment for Compensation (For resettlement of affcetd people, dwelling/commercial structures, trees, crops etc. on the Right of Way) | C13: Lumpsum | D13: 1
A14: 1.2 | B14: Geotechnical Investigations incl. taking samples, logging and lab testing
A15: 1.2.1 | B15: Boreholes for geotechnical investigation, incl. laboratory test, borehole logs, sampling and interpretive report as per geotechnical specification
A16: (a) | B16: Level 2 | C16: borehole | D16: 1
A17: (b) | B17: Level 4 | C17: borehole | D17: 1
A18: 1.2.2 | B18: Soil resistivity tests (one per tower) | C18: unit | D18: 6
A19: 2 | B19: Foundations for towers including all setting out, Concrete, Reinforcement, Excavation, Pumping, Stub-Setting, Geotechnical Investigation (Level 2), Shuttering, Leveling, Timbering, supply & Installation of foundation steelwork, Earthing Materials,Backfilling, approved Protective Coating & site clearing etc.
A20: 2.1 | B20: Tower type "4DT6"
A21: 2.1.1 | B21: Pile Foundation for any Soil Category | C21: per tower | D21: 1
A22: 2.1.2 | B22: Piled Foundation with 1.0m/2.0m raised chimney for any Soil Category | C22: per tower | D22: 1
A23: 2.2 | B23: Tower type "4D25"
A24: 2.2.1 | B24: Pile Foundation for any Soil Category | C24: per tower | D24: 1
A25: 2.2.2 | B25: Piled Foundation with 1.0m/2.0m raised chimney for any Soil Category | C25: per tower | D25: 1
A26: 3 | B26: Erection of 400kV double circuit towers complete with all stubs, nuts, bolts, locking nuts, washers, phase conductor and earthwire swivels/shackles, step bolts, tower notice and identification plates, ACDs, ptotective coating, earthing etc. | I26: =SUM(I20:I25) -> 0
A27: 3.1 | B27: Tower type "4DT6"
A28: 3.1.1 | B28: Tower type 4DT6+9 m | C28: each | D28: 1
A29: 3.1.2 | B29: Tower type 4DT6+4.5 m | C29: each | D29: 1 | I29: =SUM(D28:D29) -> 2
A30: 3.2 | B30: Tower type "4D25"
A31: 3.2.1 | B31: Tower type 4D25 +9 m | C31: each | D31: 1
A32: 3.2.2 | B32: Tower type 4D25 +4.5 m | C32: each | D32: 1
A33: 3.3 | B33: Crossarm Erection | C33: each | D33: 1
A34: 4 | B34: Testing of Foundations
A35: 4.1 | B35: Individual Pile test including supply,install and test to prove compliance with technical specification, payment for successful test only (applicable for all tower types selected by the Employer's Engineer):
A36: (a) | B36: Compression test | C36: per test | D36: 1
A37: (b) | B37: Uplift test | C37: per test | D37: 1
A38: (c) | B38: Pile Integrity test | C38: per test | D38: 16 | J38: =6*4 -> 24
A39: 5 | B39: Stringing of double circuit line, four conductors per phase and one earthware and one OPGW (length approx. Route km)
A40: 5.1.1 | B40: Conductor "ACSR Finch" Phase Conductor (3 Phase, Double Circuit, Quad Bundle per phase on the line)" Installation of insulation strings, compressed dead-ends, compression junction sleeves, suspension clamps, Sagging and clipping, Installation of armour rods and Dampers, Pilot strings and jumpers and any other works required as per specification. | C40: route km | D40: 1
A41: 5.1.2 | B41: ACSR Dorking equivalent , 48 fibres OPGW, including joint box, Tension and semi-tension joints, suspension clamps, armour rods and dampers,Sagging and clipping, Installation of intermediate junction boxes and terminal junction boxes at substation gantries ,Earthing jumpers. | C41: route km | D41: 1
A42: 5.1.3 | B42: ACSR Dorking earthware,including Compressed dead-ends, compression junction sleeves suspension clamps, armour rods and dampers,Sagging and clipping, Earthing jumpers, warning sphere(if required). | C42: route km | D42: 1
A43: 6 | B43: Documentation
A44: 6.1 | B44: Establishment of as-built drawings, manuals and all requested documents as per specifications | C44: lump sum | D44: 1
A45: 7 | B45: Miscellaneous
A46: 7.1 | B46: General and other works and services, not mentioned before | C46: lump sum | D46: 1
A47: 7.2 | B47: Transport of the material and equipment supplied from Employer's Country | C47: lump sum | D47: 1
A48: 7.3 | B48: Insurance of material and equipment supplied from Employer's Country during transport | C48: lump sum | D48: 1
A49: 7.4 | B49: Painting of towers including bottom part of tower in accordance with Section 21 | C49: lump sum | D49: 1
A50: 7.6 | B50: Erection of OPGW and earthware connection from terminal tower to substation Gantry/Mast | C50: per wire | D50: 4
A51: 7.7 | B51: Additional counterpoise earthing in accordance with requirement of the Technical specification | C51: per meter | D51: 5
A52: 7.8 | B52: Miscellaneous Rates for works certified by the Engineer in accordance with method of Payment
A53: (a) | B53: Additional Excavation | C53: cu.m | D53: 100
A54: (b) | B54: Additional Concrete | C54: cu.m | D54: 50
A55: (c) | B55: Additional Reinforcement | C55: kg | D55: 500
A56: (d) | B56: Extra for surface resisting cement per cu.m of concrete | C56: cu.m | D56: 50
A57: (e) | B57: Additional Boring (500mm diameter) | C57: rm | D57: 50
A58: (f) | B58: Additional Boring (600mm diameter) | C58: rm | D58: 50
A59: (g) | B59: Additional Boring (750mm diameter) | C59: rm | D59: 50
A60: (h) | B60: Sand Filling | C60: cu.m | D60: 100
A61: 7.9 | B61: Environmental and Social Services | C61: lump sum | D61: 1
A62: 7.1 | B62: STI. STD and HIV/AIDS alleviation program2 | C62: lump sum | D62: 1
A63: 7.11 | B63: Costs and Expenses related to test witness3(Provisional Sum) | C63: lump sum | D63: 1
A64: 7.12 | B64: Dismantling and by-passing of Ghorashal-Kaliganj-Purbachal-Bashundhara 400kV double circuit Line near Kaliganj Substation area. | C64: lump sum | D64: 1
A65: Total Columns 7 & 8 to be carried forward to Schedule No. 5 - Grand Summary
A66: 8 | B66: Total Tax and VAT deductable at source(TDS & VDS) under the schedule 4A(to be quoted in the currency similar as above)4
A69: 1 Specify currencies in accordance with ITB 19.1 of the BDS. Create additional columns for up to a maximum of three foreign currencies, if so required.
A70: 2 As described in SCC 22.2.7
A71: 3 These costs are fixed ceiling and will be included in total price. But the payment shall be at actual upon submission of relevant documents.
A72: 4.Bidder shall quote the amount considering clause 14.1 of section 8(Special Conditions of Contract), Volume 1 of 3 of the bidding document. The amount quoted by bidder is subject to arithmatic correction by Employer as required.

Sheet Schedule No. 4B
A3: B. | B3: Connection of Ghorashal-Kaliganj-Purbachal 400kV double circuit Line and Purbachal-Bashundhara 230kV double circuit Line at Purbachal Substation
A4: Item | B4: Description | C4: Unit | D4: Quantity | E4: Unit Price1 | G4: Total Price1
E6: Local Currency [BDT] | F6: Foreign Currency [USD] | G6: Local Currency [BDT] | H6: Foreign Currency [USD]
A7: 1 | B7: 2 | C7: 3 | D7: 4 | E7: 5 | F7: 6 | G7: 7 = 4 x 5 | H7: 8 = 4 x 6
A8: Schedule No. 4B Installation and Other Services
A9: 1 | B9: Survey and soil investigation works
A10: 1.1 | B10: Survey Work and Compensation
A11: 1.1.1 | B11: Check survey in accordance with the requirements of the technical specification, incl. Full ground survey with change of route, if any, tower plotting and preparation and submission of route maps, profile drawings, SIMM documents, etc. | C11: Km | D11: 1
A13: 1.1.2 | B13: Payment for Compensation (For resettlement of affcetd people, dwelling/commercial structures, trees, crops etc. on the Right of Way) | C13: Lumpsum | D13: 1
A14: 1.2 | B14: Geotechnical Investigations incl. taking samples, logging and lab testing
A15: 1.2.1 | B15: Boreholes for geotechnical investigation, incl. laboratory test, borehole logs, sampling and interpretive report as per geotechnical specification
A16: (a) | B16: Level 2 | C16: borehole | D16: 1
A17: (b) | B17: Level 4 | C17: borehole | D17: 1
A18: 1.2.2 | B18: Soil resistivity tests (one per tower) | C18: unit | D18: 6
A19: 2 | B19: Foundations for towers including all setting out, Concrete, Reinforcement, Excavation, Pumping, Stub-Setting, Geotechnical Investigation (Level 2), Shuttering, Leveling, Timbering, supply & Installation of foundation steelwork, Earthing Materials,Backfilling, approved Protective Coating & site clearing etc.
A20: 2.1 | B20: Tower type "4DT6"
A21: 2.1.1 | B21: Pile Foundation for any Soil Category | C21: per tower | D21: 1
A22: 2.1.2 | B22: Piled Foundation with 1.0m/2.0m raised chimney for any Soil Category | C22: per tower | D22: 1
A23: 2.2 | B23: Tower type "2DT6"
A24: 2.2.1 | B24: Pile Foundation for any Soil Category | C24: per tower | D24: 1
A25: 2.2.2 | B25: Piled Foundation with 1.0m/2.0m raised chimney for any Soil Category | C25: per tower | D25: 1
A26: 3 | B26: Erection of 400kV and 230kV double circuit t towers complete with all stubs, nuts, bolts, locking nuts, washers, phase conductor and earthwire swivels/shackles, step bolts, tower notice and identification plates, ACDs, ptotective coating, earthing etc. | I26: =SUM(I20:I25) -> 0
A27: 3.1 | B27: ='Schedule No. 1B'!B10 -> Tower type "4DT6"
A28: 3.1.1 | B28: ='Schedule No. 1B'!B11 -> Tower type 4DT6+9 m | C28: each | D28: 1
A29: 3.1.2 | B29: ='Schedule No. 1B'!B12 -> Tower type 4DT6+6 m | C29: each | D29: 1 | I29: =SUM(D28:D29) -> 2
A30: 3.2 | B30: ='Schedule No. 1B'!B13 -> Tower type "2DT6"
A31: 3.2.1 | B31: ='Schedule No. 1B'!B14 -> Tower type 2DT6 +9 m | C31: each | D31: 1
A32: 3.2.2 | B32: ='Schedule No. 1B'!B15 -> Tower type 2DT6 +15 m | C32: each | D32: 1
A33: 3.3 | B33: Crossarm Erection | C33: each | D33: 1
A34: 4 | B34: Testing of Foundations
A35: 4.1 | B35: Individual Pile test including supply,install and test to prove compliance with technical specification, payment for successful test only (applicable for all tower types selected by the Employer's Engineer):
A36: (a) | B36: Compression test | C36: per test | D36: 1
A37: (b) | B37: Uplift test | C37: per test | D37: 1
A38: (c) | B38: Pile Integrity test | C38: per test | D38: 16 | J38: =6*4 -> 24
A39: 5 | B39: Stringing of double circuit line, four/two conductors per phase and one earthware and one OPGW (length approx. Route km)
A40: 5.1.1 | B40: Conductor "ACSR Finch" Phase Conductor (3 Phase, Double Circuit, Quad Bundle per phase on the line)" Installation of insulation strings, compressed dead-ends, compression junction sleeves, suspension clamps, Sagging and clipping, Installation of armour rods and Dampers, Pilot strings and jumpers and any other works required as per specification. | C40: route km | D40: 0.5
A41: 5.1.2 | B41: ACSR Dorking equivalent , 48 fibres OPGW, including joint box, Tension and semi-tension joints, suspension clamps, armour rods and dampers,Sagging and clipping, Installation of intermediate junction boxes and terminal junction boxes at substation gantries ,Earthing jumpers. | C41: route km | D41: 0.5
A42: 5.1.3 | B42: ACSR Dorking earthware,including Compressed dead-ends, compression junction sleeves suspension clamps, armour rods and dampers,Sagging and clipping, Earthing jumpers, warning sphere(if required). | C42: route km | D42: 0.5
A43: 5.1.4 | B43: Conductor "ACSR Mallard" Phase Conductor (3 Phase, Double Circuit, Twin Bundle per phase on the line)" Installation of insulation strings, compressed dead-ends, compression junction sleeves, suspension clamps, Sagging and clipping, Installation of armour rods and Dampers, Pilot strings and jumpers and any other works required as per specification. | C43: route km | D43: 0.5
A44: 5.1.5 | B44: 7X4.0 GS equivalent , 48 fibres OPGW, including joint box, Tension and semi-tension joints, suspension clamps, armour rods and dampers,Sagging and clipping, Installation of intermediate junction boxes and terminal junction boxes at substation gantries ,Earthing jumpers. | C44: route km | D44: 0.5
A45: 5.1.6 | B45: 7X4.0 GS earthware equivalent OPGW inclusive of joint boxes, fixing clamps, fusion splices and connections to the joint boxes. | C45: route km | D45: 0.5
A46: 6 | B46: Documentation
A47: 6.1 | B47: Establishment of as-built drawings, manuals and all requested documents as per specifications | C47: lump sum | D47: 1
A48: 7 | B48: Miscellaneous
A49: 7.1 | B49: General and other works and services, not mentioned before | C49: lump sum | D49: 1
A50: 7.2 | B50: Transport of the material and equipment supplied from Employer's Country | C50: lump sum | D50: 1
A51: 7.3 | B51: Insurance of material and equipment supplied from Employer's Country during transport | C51: lump sum | D51: 1
A52: 7.4 | B52: Painting of towers including bottom part of tower in accordance with Section 21 | C52: lump sum | D52: 1
A53: 7.6 | B53: Erection of OPGW and earthware connection from terminal tower to substation Gantry/Mast | C53: per wire | D53: 4
A54: 7.7 | B54: Additional counterpoise earthing in accordance with requirement of the Technical specification | C54: per meter | D54: 5
A55: 7.8 | B55: Miscellaneous Rates for works certified by the Engineer in accordance with method of Payment
A56: (a) | B56: Additional Excavation | C56: cu.m | D56: 100
A57: (b) | B57: Additional Concrete | C57: cu.m | D57: 50
A58: (c) | B58: Additional Reinforcement | C58: kg | D58: 500
A59: (d) | B59: Extra for surface resisting cement per cu.m of concrete | C59: cu.m | D59: 50
A60: (e) | B60: Additional Boring (500mm diameter) | C60: rm | D60: 50
A61: (f) | B61: Additional Boring (600mm diameter) | C61: rm | D61: 50
A62: (g) | B62: Additional Boring (750mm diameter) | C62: rm | D62: 50
A63: (h) | B63: Sand Filling | C63: cu.m | D63: 100
A64: 7.9 | B64: Environmental and Social Services | C64: lump sum | D64: 1
A65: 7.1 | B65: STI. STD and HIV/AIDS alleviation program2 | C65: lump sum | D65: 1
A66: 7.11 | B66: Costs and Expenses related to test witness3(Provisional Sum) | C66: lump sum | D66: 1
A67: 7.12 | B67: Dismantling and by-pass of the 400kV part of the connection between Ghorashal-Kaliganj-Purbachal 400kV Transmission Line and Purbachal-Bashundhara 230kV Transmission Line near the Purbachal substation area.
A68: 7.13 | B68: Dismantling and by-pass of the 230kV part of the connection between Ghorashal-Kaliganj-Purbachal 400kV Transmission Line and Purbachal-Bashundhara 230kV Transmission Line near the Purbachal substation area.
A69: Total Columns 7 & 8 to be carried forward to Schedule No. 5 - Grand Summary
A70: 8 | B70: Total Tax and VAT deductable at source(TDS & VDS) under the schedule 4B(to be quoted in the currency similar as above)4
A73: 1 Specify currencies in accordance with ITB 19.1 of the BDS. Create additional columns for up to a maximum of three foreign currencies, if so required.
A74: 2 As described in SCC 22.2.7
A75: 3 These costs are fixed ceiling and will be included in total price. But the payment shall be at actual upon submission of relevant documents.
A76: 4.Bidder shall quote the amount considering clause 14.1 of section 8(Special Conditions of Contract), Volume 1 of 3 of the bidding document. The amount quoted by bidder is subject to arithmatic correction by Employer as required.

Sheet Schedule No. 4C
A3: C. | B3: LILO of Tongi-Ghorashal 230kV double circuit Line at Kaliganj Substation
A4: Item | B4: Description | C4: Unit | D4: Quantity | E4: Unit Price1 | G4: Total Price1
E6: Local Currency [BDT] | F6: Foreign Currency [USD] | G6: Local Currency [BDT] | H6: Foreign Currency [USD]
A7: 1 | B7: 2 | C7: 3 | D7: 4 | E7: 5 | F7: 6 | G7: 7 = 4 x 5 | H7: 8 = 4 x 6
A8: Schedule No. 4C Installation and Other Services
A9: 1 | B9: Survey and soil investigation works
A10: 1.1 | B10: Survey Work an Compensation
A11: 1.1.1 | B11: Check survey in accordance with the requirements of the technical specification, incl. Full ground survey with change of route, if any, tower plotting and preparation and submission of route maps, profile drawings, SIMM documents, etc. | C11: Km | D11: 3.5
A13: 1.1.2 | B13: Payment for Compensation(For resettlement of affcetd people, dwelling/commercial structures, trees, crops etc. on the Right of Way) | C13: km | D13: 3.5
A14: 1.2 | B14: Geotechnical Investigations incl. taking samples, logging and lab testing
A15: 1.2.1 | B15: Boreholes for geotechnical investigation, incl. laboratory test, borehole logs, sampling and interpretive report as per geotechnical specification
A16: (a) | B16: Level 2 | C16: borehole | D16: 1
A17: (b) | B17: Level 4 | C17: borehole | D17: 1
A18: 1.2.2 | B18: Soil resistivity tests (one per tower) | C18: unit | D18: 14
A19: 2 | B19: Foundations for towers including all setting out, Concrete, Reinforcement, Excavation, Pumping, Stub-Setting, Geotechnical Investigation (Level 2), Shuttering, Leveling, Timbering, supply & Installation of foundation steelwork, Earthing Materials,Backfilling, approved Protective Coating & site clearing etc.
A20: 2.1 | B20: Tower type "2DT6"
A21: 2.1.1 | B21: Pile Foundation for any Soil Category | C21: per tower | D21: 1
A22: 2.1.2 | B22: Piled Foundation with 1.0m/2.0m raised chimney for any Soil Category | C22: per tower | D22: 1
A23: 2.2 | B23: Tower type "2QL"
A24: 2.2.1 | B24: Pile Foundation for any Soil Category | C24: per tower | D24: 1
A25: 2.2.2 | B25: Piled Foundation with 1.0m/2.0m raised chimney for any Soil Category | C25: per tower | D25: 1 | I25: =SUM(D21:D25) -> 4
A26: 2.3 | B26: Tower type "2Q1"
A27: 2.3.1 | B27: Pile Foundation for any Soil Category | C27: per tower | D27: 1
A28: 2.3.2 | B28: Piled Foundation with 1.0m/2.0m raised chimney for any Soil Category | C28: per tower | D28: 1
A29: 2.4 | B29: Tower type "2Q15"
A30: 2.4.1 | B30: Pile Foundation for any Soil Category | C30: per tower | D30: 1
A31: 2.4.2 | B31: Piled Foundation with 1.0m/2.0m raised chimney for any Soil Category | C31: per tower | D31: 1 | I31: =SUM(D27:D31) -> 4
A32: 2.5 | B32: Tower type "2Q30"
A33: 2.5.1 | B33: Pile Foundation for any Soil Category | C33: per tower | D33: 1
A34: 2.5.2 | B34: Piled Foundation with 1.0m/2.0m raised chimney for any Soil Category | C34: per tower | D34: 1
A35: 2.6 | B35: Tower type "2QT6"
A36: 2.6.1 | B36: Pile Foundation for any Soil Category | C36: per tower | D36: 1
A37: 2.6.2 | B37: Piled Foundation with 1.0m/2.0m raised chimney for any Soil Category | C37: per tower | D37: 1
A38: 2.7 | B38: Tower type "2QT6H"
A39: 2.7.1 | B39: Pile Foundation for any Soil Category | C39: per tower | D39: 1
A40: 2.7.2 | B40: Piled Foundation with 1.0m/2.0m raised chimney for any Soil Category | C40: per tower | D40: 1 | I40: =SUM(D33:D40) -> 6
A41: 3 | B41: Erection of 230kV double circuit & four circuit towers complete with all stubs, nuts, bolts, locking nuts, washers, phase conductor and earthwire swivels/shackles, step bolts, tower notice and identification plates, ACDs, ptotective coating, earthing etc. | I41: =SUM(I20:I40) -> 14
A42: 3.1 | B42: ='Schedule No. 1C'!B10 -> Tower type "2DT6"
A43: 3.1.1 | B43: ='Schedule No. 1C'!B11 -> Tower type 2DT6+6 m | C43: each | D43: 1
A44: 3.1.2 | B44: ='Schedule No. 1C'!B12 -> Tower type 2DT6+15 m | C44: each | D44: 1 | I44: =SUM(D43:D44) -> 2
A45: 3.2 | B45: ='Schedule No. 1C'!B13 -> Tower type "2QL"
A46: 3.2.1 | B46: ='Schedule No. 1C'!B14 -> Tower type 2Q1 +15 m | C46: each | D46: 1
A47: 3.2.2 | B47: ='Schedule No. 1C'!B15 -> Tower type 2Q1 +21 m | C47: each | D47: 1
A48: 3.3 | B48: ='Schedule No. 1C'!B16 -> Tower type "2Q1"
A49: 3.3.1 | B49: ='Schedule No. 1C'!B17 -> Tower type 2Q1 +15 m | C49: each | D49: 1
A50: 3.3.2 | B50: ='Schedule No. 1C'!B18 -> Tower type 2Q1 +21 m | C50: each | D50: 1
A51: 3.4 | B51: ='Schedule No. 1C'!B19 -> Tower type "2Q15"
A52: 3.4.1 | B52: ='Schedule No. 1C'!B20 -> Tower type 2Q15+ 6 m | C52: each | D52: 1
A53: 3.4.2 | B53: ='Schedule No. 1C'!B21 -> Tower type 2Q15+ 9 m | C53: each | D53: 1
A54: 3.5 | B54: ='Schedule No. 1C'!B22 -> Tower type "2Q30"
A55: 3.5.1 | B55: ='Schedule No. 1C'!B23 -> Tower type 2Q30+ 6 m | C55: each | D55: 1
A56: 3.5.2 | B56: ='Schedule No. 1C'!B24 -> Tower type 2Q30+ 9 m | C56: each | D56: 1
A57: 3.6 | B57: ='Schedule No. 1C'!B25 -> Tower type "2QT6"
A58: 3.6.1 | B58: ='Schedule No. 1C'!B26 -> Tower type 2QT6+ 6 m | C58: each | D58: 1
A59: 3.6.2 | B59: ='Schedule No. 1C'!B27 -> Tower type 2QT6+ 9 m | C59: each | D59: 1
A60: 3.7 | B60: ='Schedule No. 1C'!B28 -> Tower type "2QT6H" with any Extension | C60: each | D60: 2
A61: 3.8 | B61: ='Schedule No. 1C'!B29 -> Auxiliary crossarm for tower type 2QT6 | C61: each | D61: 1
A62: 3.9 | B62: Erection works for Fabricated and non fabricated steel | C62: ton | D62: 5
A63: 4 | B63: Testing of Foundations
A64: 4.1 | B64: Individual Pile test including supply,install and test to prove compliance with technical specification, payment for successful test only (applicable for all tower types selected by the Employer's Engineer):
A65: (a) | B65: Compression test | C65: per test | D65: 1
A66: (b) | B66: Uplift test | C66: per test | D66: 1
A67: (c) | B67: Pile Integrity test | C67: per test | D67: 56 | J67: =6*4 -> 24
A68: 5 | B68: Stringing of double/four circuit line, two conductors per phase and 2(two) OPGW (length approx. Route km)
A69: 5.1.1 | B69: Conductor "ACSR Mallard equivalent ACCC" Phase Conductor (3 Phase, Four Circuit, Twin Bundle per phase on the line)" Installation of insulation strings, compressed dead-ends, compression junction sleeves, suspension clamps, Sagging and clipping, Installation of armour rods and Dampers, Pilot strings and jumpers and any other works required as per specification. | C69: route km | D69: 1
A70: 5.1.2 | B70: 7x4.00mm equivalent , 48 fibres OPGW, including joint box, Tension and semi-tension joints, suspension clamps, armour rods and dampers,Sagging and clipping, Installation of intermediate junction boxes and terminal junction boxes at substation gantries ,Earthing jumpers. Two OPGW earthwire on the line. | C70: route km | D70: 1
A71: 6 | B71: Documentation
A72: 6.1 | B72: Establishment of as-built drawings, manuals and all requested documents as per specifications | C72: lump sum | D72: 1
A73: 7 | B73: Miscellaneous
A74: 7.1 | B74: General and other works and services, not mentioned before | C74: lump sum | D74: 1
A75: 7.2 | B75: Transport of the material and equipment supplied from Employer's Country | C75: lump sum | D75: 1
A76: 7.3 | B76: Insurance of material and equipment supplied from Employer's Country during transport | C76: lump sum | D76: 1
A77: 7.4 | B77: Painting of towers including bottom part of towers in accordance with Section 21 | C77: lump sum | D77: 1
A78: 7.6 | B78: Erection of OPGW connection from terminal tower to substation Gantry/Mast | C78: per wire | D78: 4
A79: 7.7 | B79: Additional counterpoise earthing in accordance with requirement of the Technical specification | C79: per meter | D79: 5
A80: 7.8 | B80: Miscellaneous Rates for works certified by the Engineer in accordance with method of Payment
A81: (a) | B81: Additional Excavation | C81: cu.m | D81: 100
A82: (b) | B82: Additional Concrete | C82: cu.m | D82: 50
A83: (c) | B83: Additional Reinforcement | C83: kg | D83: 500
A84: (d) | B84: Extra for surface resisting cement per cu.m of concrete | C84: cu.m | D84: 50
A85: (e) | B85: Additional Boring (500mm diameter) | C85: rm | D85: 50
A86: (f) | B86: Additional Boring (600mm diameter) | C86: rm | D86: 50
A87: (g) | B87: Additional Boring (750mm diameter) | C87: rm | D87: 50
A88: (h) | B88: Sand Filling | C88: cu.m | D88: 100
A89: 7.9 | B89: Environmental and Social Services | C89: lump sum | D89: 1
A90: 7.1 | B90: STI. STD and HIV/AIDS alleviation program2 | C90: lump sum | D90: 1
A91: 7.11 | B91: Costs and Expenses related to test witness3(Provisional Sum) | C91: lump sum | D91: 1
A92: 7.12 | B92: Dismantling and by-passing of Tongi-Ghorashal 230kV double circuit Line near Kaliganj Substation area. | C92: lump sum | D92: 1
A93: Total Columns 7 & 8 to be carried forward to Schedule No. 5 - Grand Summary
A94: 8 | B94: Total Tax and VAT deductable at source(TDS & VDS) under the schedule 4C(to be quoted in the currency similar as above)4
A97: 1 Specify currencies in accordance with ITB 19.1 of the BDS. Create additional columns for up to a maximum of three foreign currencies, if so required.
A98: 2 As described in SCC 22.2.7
A99: 3 These costs are fixed ceiling and will be included in total price. But the payment shall be at actual upon submission of relevant documents.
A100: 4.Bidder shall quote the amount considering clause 14.1 of section 8(Special Conditions of Contract), Volume 1 of 3 of the bidding document. The amount quoted by bidder is subject to arithmatic correction by Employer as required.

Sheet Schedule No. 5. Grand Summary
A1: Design, Supply, Installation, Testing & Commissioning of 400kV and 230kV Transmission Lines’ LILO at Kaliganj and Purbachal Substation on Turnkey Basis (Package-1)
A2: Schedule No. 5 Grand Summary
A3: Item | B3: Description | C3: Total Price1
C5: Local Currency Portion [BDT] | D5: Foreign Currency Portion [XXX]
A6: A | B6: LILO of Ghorashal-Kaliganj-Purbachal-Bashundhara 400kV double circuit Line at Kaliganj Substation
A7: 1 | B7: Schedule No. 1A Plant and Mandatory Spare Parts Supplied from Abroad
A8: 2 | B8: Schedule No. 2A Plant and Mandatory Spare Parts Supplied from Within the Employer's Country
A9: 3 | B9: Schedule No. 3A Design Services
A10: 4 | B10: Schedule No. 4A Installation and Other Services
A11: B | B11: LILO of Ghorashal-Kaliganj-Purbachal-Bashundhara 400kV double circuit Line at Purbachal Substation
A12: 1 | B12: Schedule No. 1B Plant and Mandatory Spare Parts Supplied from Abroad
A13: 2 | B13: Schedule No. 2B Plant and Mandatory Spare Parts Supplied from Within the Employer's Country
A14: 3 | B14: Schedule No. 3B Design Services
A15: 4 | B15: Schedule No. 4B Installation and Other Services
A16: C | B16: LILO of Tongi-Ghorashal 230kV double circuit Line at Kaliganj Substation
A17: 1 | B17: Schedule No. 1C Plant and Mandatory Spare Parts Supplied from Abroad
A18: 2 | B18: Schedule No. 2C Plant and Mandatory Spare Parts Supplied from Within the Employer's Country
A19: 3 | B19: Schedule No. 3C Design Services
A20: 4 | B20: Schedule No. 4C Installation and Other Services
B21: GRAND TOTAL
A24: 1. Specify currencies in accordance with ITB 19.1 of the BDS. Create additional columns for up to a maximum of three foreign currencies, if so required.
A25: 2. Taxes and/or duties from Schedule 1 and 2 may be added to the contract price in accordance with GCC 14 (Taxes and Duties) but excluded from bid evaluation in accordance with ITB 39.2"

Sheet Schedule No. 6
A3: Design, Supply, Installation, Testing & Commissioning of 400kV and 230kV Transmission Lines’ LILO at Kaliganj and Purbachal Substation on Turnkey Basis (Package-1)
A4: Schedule No. 6. Recommended Spare Parts
A5: Item | B5: Description | C5: Unit | D5: Quantity | E5: Unit Price1 | G5: Total Price1
E6: Local Currency Portion [BDT] | F6: Foreign Currency Portion [xxxxx] | G6: Local Currency Portion [BDT] | H6: Foreign Currency Portion [xxx]
A7: 1 | B7: 2 | C7: 3 | D7: 4 | E7: 5 | F7: 6 | G7: 7 = 4 x 5 | H7: 8 = 4 x 6
A15: 1. Specify currencies in accordance with ITB 19.1 of the BDS. Create additional columns for up to a maximum of three foreign currencies, if so required.
